 Dungeon Crawl Stone Soup version 0.14-a0-3109-ga7442b6 (console) character file.

14513385 TedronaiSDC the Conqueror (level 27, 249/249 (264) HPs)
             Began as a Merfolk Fighter on Mar 2, 2014.
             Was a High Priest of the Shining One.
             Escaped with the Orb
             ... and 15 runes on Mar 7, 2014!
             The game lasted 17:05:50 (109121 turns).

TedronaiSDC the Conqueror (Merfolk Fighter)       Turns: 109121, Time: 17:05:51

HP 249/249 (264) AC 25     Str 20      XL: 27
MP  49/49        EV 37     Int 14      God: the Shining One [*****.]
Gold 3565        SH 23     Dex 24      Spells:  9 memorised, 47 levels left

rFire  + + .     SeeInvis +     a - +8,+9 Blessed Trishula
rCold  + + .     Clarity  .     r - +8 ring mail "Puoz" {rF++ rC+}
rNeg   + + +     Conserve .     L - +2 buckler of Divine Compulsion {+Rage rC+ rN+}
rPois  +         rCorr    .     v - +0 helmet of Death's Door {rPois rN+}
rElec  .         rRot     .     i - -1 cloak {MR+}
SustAb . .       Spirit   .     E - +1 pair of gloves of the Gravedigger {Dex+2 Int+4}
rMut   +         Warding  .     c - +2 pair of boots of the Assassin {Stlth++}
Saprov . . .     Stasis   .     M - amulet of resist mutation
MR     ++...                    R - ring of Vitality {Regen HP+15}
                                Q - ring "Jyck" {rPois Str+2 Acc+4 Dam+6 SInv}

@: studying Shields, slightly contaminated, hasted, glowing, very quick, very
resistant to hostile enchantments, very unstealthy
A: change form in water, swift swim, screaming 1
a: Divine Shield, Cleansing Flame, Summon Divine Warrior, Renounce Religion,
Evoke Berserk Rage
0: Orb of Zot
}: 15/15 runes: barnacled, slimy, silver, golden, iron, obsidian, icy, bone,
abyssal, demonic, glowing, magical, fiery, dark, gossamer


You escaped.
You worshipped the Shining One.
The Shining One was extremely pleased with you.
You were not hungry.

You visited 17 branches of the dungeon, and saw 98 of its levels.
You visited Pandemonium 1 time, and saw 54 of its levels.
You visited the Abyss 2 times.
You visited 1 bazaar.
You visited 1 Ziggurat, and saw 2 of its levels.
You also visited: Ice Cave.

You collected 11537 gold pieces.
You spent 5160 gold pieces at shops.
You donated 2812 gold pieces.

Inventory:

Hand weapons
 a - a +8,+9 Blessed Trishula (weapon)
 h - a cursed +2,+0 great sword of distortion
Armour
 c - the +2 pair of boots of the Assassin (worn) {Stlth++}
   (You acquired it on level 2 of the Realm of Zot)

   It makes you much more stealthy.
 i - a -1 cloak of magic resistance (worn)
 q - the cursed +0 cloak of the Storm King {Str+3 Int+4}
   (You found it on level 7 of Cocytus)

   It affects your strength (+3).
   It affects your intelligence (+4).
   It has a curse placed upon it.
 r - the +8 ring mail "Puoz" (worn) {rF++ rC+}
   (You acquired it on level 8 of the Lair of Beasts)

   It greatly protects you from fire.
   It protects you from cold.
 v - the +0 helmet of Death's Door (worn) {rPois rN+}
   (You bought it in a shop on level 2 of the Shoals)

   It protects you from poison.
   It protects you from negative energy.
 E - the +1 pair of gloves of the Gravedigger (worn) {Dex+2 Int+4}
   (You found it in Pandemonium)

   It affects your intelligence (+4).
   It affects your dexterity (+2).
 L - the +2 buckler of Divine Compulsion (worn) {+Rage rC+ rN+}
   (You bought it in a shop on level 3 of the Orcish Mines)

   It protects you from cold.
   It protects you from negative energy.
   It lets you go berserk.
Magical devices
 f - a wand of hasting (3)
 y - a wand of hasting (8)
 A - a wand of disintegration (6)
 D - a wand of disintegration (12)
 H - a wand of digging (6)
 X - a wand of heal wounds (6)
Comestibles
 d - 2 bread rations
Scrolls
 n - a scroll of remove curse
Jewellery
 b - a cursed ring of protection from fire
 m - a cursed ring of flight
 t - the ring of Jiusivy {+/*Tele Str+3 Dex+2}
   (You found it on level 7 of Gehenna)

   [ring of teleportation]

   It affects your strength (+3).
   It affects your dexterity (+2).
 u - the cursed ring "Crumn" {MP+9 Str+2 Acc+4 Dam+4}
   (You found it in Pandemonium)

   [ring of magical power]

   It affects your strength (+2).
   It affects your accuracy with ranged weapons and melee attacks (+4).
   It affects your damage with ranged weapons and melee attacks (+4).
   It has a curse placed upon it.
 w - the cursed ring "Riofun" {+Inv Dex+4 Int+4}
   (You found it on level 4 of the Dungeon)

   [ring of invisibility]

   It affects your intelligence (+4).
   It affects your dexterity (+4).
   It has a curse placed upon it.
 C - a cursed amulet of conservation
 I - an uncursed ring of sustain abilities
 M - an amulet of resist mutation (around neck)
 O - the ring of Qiwosal {rElec MP+9}
   (You found it on level 5 of the Vaults)

   [ring of magical power]

   It insulates you from electricity.
 Q - the ring "Jyck" (left hand) {rPois Str+2 Acc+4 Dam+6 SInv}
   (You bought it in a shop in a bazaar)

   [ring of slaying]

   It affects your accuracy (+4).
   It affects your damage-dealing abilities (+6).
   It affects your strength (+2).
   It protects you from poison.
   It enhances your eyesight.
 R - the ring of Vitality (right hand) {Regen HP+15}
   (You took it off a vault warden on level 5 of the Vaults)

   [ring of regeneration]

   It affects your health (+15).
 S - a cursed amulet of stasis
 T - a cursed ring of teleport control
Potions
 j - 7 potions of curing
 k - 3 potions of might
 o - a potion of speed
 B - 2 potions of heal wounds
 G - 2 potions of magic
 K - a potion of restore abilities
 U - 2 potions of resistance
Books
 e - a book of Enchantments

   Spells                             Type                      Level
   Cause Fear                         Hexes                        4
   *Silence                           Hexes/Air                    5
   Tukima's Dance                     Hexes                        5
   Deflect Missiles                   Charms/Air                   6
   *Haste                             Charms                       6
   Discord                            Hexes                        8
 g - a manual of Shields
Miscellaneous
 l - a fan of gales
 p - a lamp of fire
 s - a lamp of fire
 z - a lamp of fire
 F - a fan of gales
 N - a phial of floods
 P - a lamp of fire


   Skills:
 O Level 27 Fighting
 - Level 22.7 Polearms
 + Level 16.3 Armour
 O Level 27 Dodging
 + Level 18.5 Shields
 * Level 26.0 Spellcasting
 + Level 19.8 Hexes
 + Level 19.0 Charms
 - Level 15.0 Translocations
 - Level 22.5 Invocations
 - Level 15.3 Evocations


You had 47 spell levels left.
You knew the following spells:

 Your Spells              Type           Power        Failure   Level  Hunger
a - Control Teleport      Chrm/Tloc      ######....   1%          4    None
b - Controlled Blink      Tloc           N/A          3%          7    ######.
c - Silence               Hex/Air        #####.....   1%          5    None
d - Song of Slaying       Chrm           ######..     0%          2    None
m - Repel Missiles        Chrm/Air       #####.       1%          2    None
s - Swiftness             Chrm/Air       #####...     1%          2    None
A - Apportation           Tloc           ######....   0%          1    None
B - Blink                 Tloc           N/A          0%          2    None
H - Haste                 Chrm           ######..     1%          6    ####...


Dungeon Overview and Level Annotations

Branches:
Dungeon (16/16)            Temple (1/1) D:4             Orc (4/4) D:11
    Elf (0/3) Orc:4          Lair (8/8) D:11         Shoals (5/5) Lair:3
 Spider (5/5) Lair:4        Slime (6/6) Lair:6       Vaults (5/5) D:15
  Blade (0/1) Vaults:3      Crypt (5/5) Vaults:3       Tomb (3/3) Crypt:2
   Hell (1/1)                 Dis (7/7) Hell            Geh (7/7) Hell
    Coc (7/7) Hell            Tar (7/7) Hell            Zot (5/5) Depths:6
 Depths (6/6) D:16

Altars:
Ashenzari
Cheibriados
Dithmenos
Elyvilon
Fedhas
Kikubaaqudgha
Makhleb
Nemelex Xobeh
Okawaru
Sif Muna
Trog
Vehumet
Xom
Yredelemnul
Zin
The Shining One
Beogh
Jiyva

Shops:
D:6 *   D:11 :   D:15 !   Orc:2 }   Orc:3 *   Orc:4 =}**   Shoals:2 [
Shoals:3 *   Vaults:1 [

Portals:
Hell: Depths:1 Depths:2 Depths:3 Depths:4 Depths:5 Depths:6
Abyss: Depths:2 Depths:4
Pandemonium: Depths:3 Depths:4

Annotations:
D:5 DIG
D:7 exclusion: upstairs
Spider:5 exclusion: Roxanne, Roxanne
Tomb:2 Jory
Coc:7 Antaeus, Serpent of
Hell
Depths:4 exclusion: upstairs


Innate Abilities, Weirdness & Mutations

You revert to your normal form in water.
You are very nimble and swift while swimming.
You occasionally shout uncontrollably.


Message History

Press: ? - help, Shift-Dir - straight line, f - you The rock shatters into small pieces.
This wand has 7 charges left.
An orange demon comes into view.
Casting: Haste
Confirm with . or Enter, or press ? or * to list all spells.
Aiming: Haste
Press: ? - help, Shift-Dir - straight line, f - you You feel yourself speed up.
Evoke which item? (* to show all) (? for menu, Esc to quit)
Zapping:
H - a wand of digging (7)
Press: ? - help, Shift-Dir - straight line, f - you The rock shatters into small pieces.
This wand has 6 charges left.
Your legs become a tail as you enter the water.
The +2 pair of boots of the Assassin {Stlth++} melds into your body.
A giant gecko comes into view.
The +2 pair of boots of the Assassin {Stlth++} unmelds from your body.
You are contaminated with residual magics.
There is a staircase leading out of the dungeon here.
Magic restored.
The giant gecko completely misses you.
You have escaped!

▒▒▒▒▒▒▒▒▒▒▒▒▒▒▒
▒≈≈≈≈≈≈≈≈≈≈≈≈≈▒
▒≈≈≈≈≈≈≈≈≈≈≈≈≈▒ ▒▒▒▒▒▒▒
▒≈≈≈≈≈≈≈≈≈≈≈≈≈▒ ······▒
▒≈≈≈≈≈≈≈≈≈≈≈≈≈▒ ▒▒·▒▒·▒▒
▒≈≈≈≈≈l··≈≈≈≈≈▒
·······▒▒▒≈≈≈≈··@··≈≈≈≈▒
·········▒≈≈≈≈≈···≈≈≈≈≈▒
···▒▒··▒▒▒≈≈≈≈≈≈≈≈≈≈≈≈≈▒
···▒▒··▒ ▒≈≈≈≈≈≈≈≈≈≈≈≈≈▒
···▒▒··▒▒▒≈≈≈≈≈≈≈≈≈≈≈≈≈▒
·········▒≈≈≈≈≈≈≈≈≈≈≈≈≈▒
···▒▒··▒▒·≈≈≈≈≈≈≈≈≈≈≈≈≈▒
·········▒≈≈≈≈≈≈≈≈≈≈≈≈≈▒
··▒▒····▒▒≈≈≈≈≈≈≈≈≈≈≈≈≈▒


You could see a giant gecko.

Vault maps used:
D:1:      zaba_arrival_water, corexii_corridor_pit, minmay_ruptured
D:3:      uniq_jessica
D:4:      minmay_temple_entry_spiral, first_bread, serial_bayou_lagoon_a,
          minmay_three_doors
D:5:      lemuel_ice_spiral_2, tgw_trog, basic_altar, trog_three_pillars_becter
D:6:      nemelex_altar_shiori, serial_shops, shop, kennysheep_little_box,
          uniq_grinder, uniq_menkaure
D:8:      hangedman_ranch, uniq_blork_the_orc
D:10:     kennysheep_town
D:11:     david_orc_5, david_lair_shrubbed, serial_shops, shop
D:12:     uniq_grum, uniq_joseph
D:13:     serial_glass, glass_columns_b, glass_columns_a, glass_columns_a,
          glass_columns_a, glass_columns_c, uniq_fannar
D:14:     grunt_ministairs_12
D:15:     grunt_vaults_entry_fortified, serial_shops, shop, minmay_brain_eaters,
          uniq_snorg
D:16:     grunt_enter_depths_hoard, basic_altar
Temple:   water_room_temple_a_12
Orc:1:    basic_altar, uniq_duvessa
Orc:2:    serial_shops, shop
Orc:3:    serial_shops, nicolae_shop_behind_doors, nicolae_orc_pool_cavern,
          uniq_harold
Orc:4:    portal_ice_cave_entry_ice_beasts, st_orc_rangers, uniq_nergalle,
          uniq_nessos
Lair:1:   nicolae_volcano_entry_hallway
Lair:2:   okawaru_dwarf, infiniplex_staircase_pool
Lair:3:   minmay_shoals_entry_beasts, st_stairs_3
Lair:4:   spider_nest_entry_web_field, blue_anna_fruit_fields,
          roderic_carrion_pond
Lair:6:   minmay_slime_entry_oklob_enclosed, infiniplex_staircase_pool_2,
          lemuel_fruit_tree
Lair:8:   evil_forest, columned_hall_lemuel, uniq_maud, uniq_rupert, uniq_erica
Shoals:1: nicolae_shoals_undead_eyrie
Shoals:2: serial_shops, nicolae_shop_window_shopping
Shoals:3: serial_shops, nicolae_shop_crystal
Shoals:5: shoals_end_hangedman, shoals_ilsuiw_alternative
Spider:1: baited_tele_trap
Spider:3: uniq_wiglaf
Spider:5: spider_rune_water, uniq_roxanne
Slime:5:  nicolae_slime_round_cave
Vaults:1: vaults_room_grunt_arrival_checkpoint, vaults_room_grid,
          ontoclasm_vaults_hangar, nicolae_vaults_little_squares_6, st_squares,
          v_pattern_4, vaults_room_semicircle, v_misc_24, vaults_dpeg_cross,
          vaults_mumra_hex, nicolae_vaults_little_ls,
          nicolae_vaults_ring_of_whatevers, nicolae_vaults_angled_halls,
          serial_shops, shop
Vaults:2: nicolae_vaults_windows_and_doors_thing,
          nicolae_vaults_stairing_the_circle, nicolae_vaults_alarming,
          grunt_vaults_hallway_long, grunt_vaults_funnel,
          nicolae_vaults_yaktaur_gun_rack, nicolae_vaults_rhombus_7,
          ontoclasm_vaults_gateway, serial_shops, bzr_entry_water
Vaults:3: ontoclasm_vaults_echo, nicolae_vaults_blade_pointy_end, v_misc_3,
          ontoclasm_vaults_bender, v_misc_29, minmay_crypt_entry_simple_plaza,
          grunt_vaults_swirl, hangedman_vaults_stretched_pinwheel,
          nicolae_vaults_asterisk, vaults_room_stairs_pillars, v_pattern_1,
          v_alt_pattern_2, v_misc_15, nicolae_vaults_little_squares_1,
          vaults_room_pool, nicolae_vaults_what_the_h
Vaults:4: v_rooms_6, v_misc_18, nicolae_vaults_triangles, ontoclasm_vaults_spin,
          hangedman_vaults_unwind, hangedman_vaults_pinch,
          nicolae_vaults_hallways_thing, nicolae_vaults_little_squares_3,
          ontoclasm_vaults_decontamination, vaults_room_pool
Vaults:5: serial_shops
Crypt:2:  nicolae_tomb_entry_unfolded_pyramid_diagonal, crypt_curse_skull,
          grunt_unrand_guarded_doom_knight
Crypt:3:  grunt_megastairs_3
Crypt:4:  lemuel_nasty_fountain, uniq_khufu
Crypt:5:  quadcrypt_mu
Tomb:2:   uniq_jory
Dis:1:    hangedman_dis_decor_blocks_crown
Dis:4:    nicolae_dis_strange_trophy_room
Dis:7:    iron_city_of_dis, nicolae_dis_lava_storage_tank
Geh:7:    evilmike_geh
Coc:1:    hangedman_elemental_grid_stream
Coc:7:    coc_grunt
Tar:1:    nicolae_tar_cuneiform_three
Tar:3:    evilmike_ambush
Tar:7:    tar_minmay_river
Zot:1:    grunt_ministairs_14
Zot:2:    grunt_megastairs_2
Zot:3:    hangedman_zot_gyre, door_vault
Zot:4:    hangedman_zot_decor_unnerving_road, zot_minivault_3
Zot:5:    hangedman_zot_decor_tridents
Abyss:3:  hangedman_abyss_or_decor_slice
Abyss:4:  abyss_rune_water_cross, hangedman_decor_riveting, patterned_corridor
Abyss:5:  evilmike_abyss_rune_acolytes_2
Pan:      evilmike_mini_pan_other_thingy, pan_blood_fountain_small,
          nicolae_pan_gloorx_vloqian_3, nicolae_pan_sigil_eeng, rand_demon_5,
          evilmike_mini_pan_doors, nicolae_pan_lom_lobonic_3, rand_demon_4,
          grunt_pan_frozen_over, pan_blood_fountain, nicolae_pan_lom_lobonic_4,
          pan_disco_hall, pan_blood_fountain_small, rand_demon_1,
          nicolae_pan_giant_door, evilmike_mini_pan_murderfest,
          evilmike_mini_pan_T, nicolae_pan_cerebovesque_3, mnoleg,
          evilmike_mini_pan_V, pan_blood_fountain_small, pan_blood_fountain,
          nicolae_pan_mnolegish_4, evilmike_mini_pan_thingy, rand_demon_5,
          nicolae_pan_sigil_itan, grunt_pan_in_and_out, pan_blood_fountain,
          nicolae_pan_cerebovesque_4, evilmike_cerebov_lava,
          evilmike_mini_pan_branches, pan_blood_fountain_2,
          nicolae_pan_lom_lobonic_1, lom_lobon_spiral_st,
          nicolae_pan_mnolegish_4, rand_demon_9, evilmike_mini_pan_pillars_b,
          rand_demon_3, evilmike_gloorx_vloq_box, evilmike_mini_pan_corridor,
          grunt_pan_zigzag, rand_demon_3, evilmike_mini_pan_diamond,
          enter_ziggurat_pan_b, lemuel_hall_of_pain, uniq_ignacio,
          pan_blood_fountain, nicolae_pan_door_chamber, nicolae_pan_sigil_eeng,
          evilmike_mini_pan_V, grunt_pan_spiral, pan_blood_fountain_small,
          pan_blood_fountain, nicolae_pan_sigil_itan, rand_demon_5,
          pan_blood_fountain_small, rand_demon_7, pan_blood_fountain,
          evilmike_mini_pan_layers, uniq_ignacio, nicolae_pan_sigil_itan,
          rand_demon_5, nicolae_pan_sigil_uleosi, evilmike_mini_pan_branches,
          uniq_ignacio, pan_surprise, rand_demon_8, rand_demon_4,
          enter_ziggurat_pan_a, uniq_ignacio, nicolae_pan_giant_door,
          rand_demon_8, uniq_ignacio, evilmike_mini_pan_corner,
          nicolae_pan_mnolegish_1, nicolae_pan_door_chamber,
          evilmike_mini_pan_pillars, evilmike_mini_pan_layers, uniq_ignacio,
          evilmike_mini_pan_other_thingy, rand_demon_7, evilmike_mini_pan_doors,
          grunt_pan_sceptre, evilmike_mini_pan_pillars, rand_demon_2,
          evilmike_mini_pan_other_thingy, rand_demon_4,
          nicolae_pan_lom_lobonic_1, evilmike_mini_pan_pillars,
          evilmike_mini_pan_layers, pan_blood_fountain, grunt_pan_sceptre
Bazaar:   bazaar_minmay_cross
IceCv:    ice_cave_caverns_01
Depths:1: minmay_stone_trees_small, grunt_hell_entry_dis_mu, minmay_holes,
          minmay_misc_feat_iff, ashenzari_altar_1
Depths:2: hangedman_surveillance_ring, lightli_too_deep, abyss_entry_crystal,
          minmay_hedge_maze, spider_trap, minmay_misc_feat_ornament,
          st_stairs_10, hangedman_decor_growths, grunt_ministairs_12,
          serial_bayou_shore_a, infiniplex_staircase_pillars_3a
Depths:3: grunt_bent_corner, enter_ziggurat_b, hangedman_coc_ice_floe,
          rand_demon_pan_entry_7, hex_medium, minmay_staircase_bubble,
          firewood_loft, uniq_norris, uniq_jorgrun
Depths:4: grunt_crosshair, minmay_misc_feat_rugged, minmay_room_of_horrors,
          pan_entry, hell_entry, hangedman_cracks_in_the_wall,
          minmay_staircase_statues_hall_small
Depths:5: minmay_octo_star, hell_entry, hangedman_abyss_or_decor_stabs,
          mu_enter_wizlab_6, minmay_staircase_windowed_large, uniq_frederick
Depths:6: grunt_zot_entry_alcove, minivault_14, hangedman_geh_valley,
          roderic_lattice_octagonal_star, uniq_xtahua

Notes
Turn   | Place    | Note
--------------------------------------------------------------
     0 | D:1      | TedronaiSDC, the Merfolk Fighter, began the quest for the Orb.
     0 | D:1      | Reached XP level 1. HP: 18/18 MP: 1/1
    95 | D:1      | Reached skill level 1 in Dodging
   223 | D:1      | Reached XP level 2. HP: 21/24 MP: 2/2
   583 | D:1      | Reached XP level 3. HP: 29/29 MP: 3/3
   760 | D:1      | Reached skill level 4 in Polearms
  1375 | D:2      | Reached XP level 4. HP: 35/35 MP: 4/4
  1863 | D:2      | Reached skill level 5 in Polearms
  2020 | D:3      | Reached XP level 5. HP: 35/41 MP: 5/5
  2250 | D:3      | --nice
  2539 | D:3      | Noticed Jessica
  2553 | D:3      | Killed Jessica
  2553 | D:3      | Reached skill level 6 in Polearms
  2850 | D:4      | Paralysed by a giant eyeball for 4 turns
  3231 | D:4      | Found a staircase to the Ecumenical Temple.
  3272 | D:4      | Got a faintly glowing marble ring
  3274 | D:4      | --nice
  3342 | Temple   | Entered the Ecumenical Temple
  3424 | Temple   | --TROG WHERE ARE YOU
  3563 | D:4      | Noticed a troll
  3564 | D:4      | --wow
  3625 | D:4      | Killed a troll
  3625 | D:4      | Reached skill level 7 in Polearms
  3625 | D:4      | Reached XP level 6. HP: 25/47 MP: 6/6
  3779 | D:4      | Noticed an ice beast
  3804 | D:4      | Killed an ice beast
  3804 | D:4      | Reached XP level 7. HP: 28/52 MP: 7/7
  3971 | D:4      | Got a smoking golden ring
  4015 | D:4      | Reached skill level 8 in Polearms
  4066 | D:5      | Entered Level 5 of the Dungeon
  4466 | D:5      | Found a burning altar of Makhleb.
  4483 | D:5      | Identified the ring "Riofun" {+Inv Dex+4 Int+4} (You found it on level 4 of the Dungeon)
  4483 | D:5      | Identified the ring "Jaupp" {Wiz Dex+2 Int+2} (You found it on level 4 of the Dungeon)
  4709 | D:5      | Reached skill level 9 in Polearms
  4863 | D:5      | Noticed a moth of wrath
  4867 | D:5      | Found a bloodstained altar of Trog.
  4952 | D:5      | Became a worshipper of Trog the Wrathful
  5012 | D:5      | Found a bloodstained altar of Trog.
  5258 | D:6      | Noticed Menkaure
  5272 | D:6      | Killed Menkaure
  5272 | D:6      | Reached XP level 8. HP: 18/58 MP: 8/8
  5518 | D:6      | Found Suciq's Assorted Antiques.
  5538 | D:6      | Bought a square jade amulet for 95 gold pieces
  5538 | D:6      | Bought a potion of curing for 38 gold pieces
  5670 | D:6      | Found a sparkling altar of Nemelex Xobeh.
  6050 | D:6      | Noticed Grinder
  6052 | D:6      | Paralysed by something for 5 turns
  6076 | D:6      | Killed Grinder
  6076 | D:6      | Reached skill level 10 in Polearms
  6104 | D:6      | Acquired Trog's first power
  6116 | D:7      | Paralysed by a giant eyeball for 3 turns
  6123 | D:7      | Paralysed by a giant eyeball for 3 turns
  6186 | D:7      | Pr0man: huh, a new challenge?
  6471 | D:7      | Reached skill level 11 in Polearms
  6610 | D:7      | Reached skill level 10 in Dodging
  6610 | D:7      | Reached XP level 9. HP: 46/64 MP: 9/9
  7000 | D:6      | Reached skill level 12 in Polearms
  7093 | D:6      | Bought a bone wand for 76 gold pieces
  7544 | D:8      | Acquired Trog's second power
  7887 | D:8      | Reached skill level 5 in Fighting
  7896 | D:8      | Reached skill level 13 in Polearms
  8047 | D:8      | Noticed Blork the orc
  8069 | D:8      | Killed Blork the orc
  8069 | D:8      | Reached XP level 10. HP: 74/74 MP: 10/10
  8312 | D:9      | --come on
  8975 | D:9      | Paralysed by a giant eyeball for 2 turns
  9136 | D:9      | Reached skill level 14 in Polearms
  9464 | D:10     | Entered Level 10 of the Dungeon
  9607 | D:10     | Acquired Trog's third power
  9731 | D:10     | Reached XP level 11. HP: 86/86 MP: 11/11
 10213 | D:10     | Found a blossoming altar of Fedhas.
 10797 | D:10     | Reached skill level 15 in Polearms
 11596 | D:10     | --lol where did i get dragon king armour ? :D
 11870 | D:10     | Noticed a manticore
 11899 | D:10     | Killed a manticore
 11970 | D:10     | Noticed a manticore
 11981 | D:10     | Killed a manticore
 12134 | D:11     | Received a gift from Trog
 12229 | D:11     | Noticed an eight-headed hydra
 12229 | D:11     | --wow
 12237 | D:11     | Killed a ten-headed hydra
 12263 | D:11     | Noticed a hill giant
 12285 | D:11     | Killed a hill giant
 12293 | D:11     | Reached skill level 16 in Polearms
 12364 | D:11     | Reached XP level 12. HP: 64/97 MP: 12/12
 12511 | D:11     | Reached skill level 15 in Dodging
 12525 | D:11     | Reached skill level 10 in Fighting
 12579 | D:11     | Found a staircase to the Lair.
 12649 | D:11     | Found Chausa's Book Shop.
 13123 | D:11     | Found a roughly hewn altar of Beogh.
 13159 | D:11     | Received a gift from Trog
 13174 | D:11     | Identified a scroll of acquirement
 13317 | D:11     | Found a staircase to the Orcish Mines.
 13409 | Lair:1   | Entered Level 1 of the Lair of Beasts
 13852 | Lair:1   | Found a dark tunnel.
 14247 | Lair:2   | Found an iron altar of Okawaru.
 14837 | Lair:3   | Reached skill level 17 in Polearms
 14930 | Lair:3   | Found a staircase to the Shoals.
 15597 | Lair:4   | Reached XP level 13. HP: 106/106 MP: 13/13
 15648 | Lair:4   | Found a hole to the Spider Nest.
 16682 | Lair:5   | Received a gift from Trog
 16953 | Lair:6   | Reached skill level 18 in Polearms
 18379 | Lair:8   | Entered Level 8 of the Lair of Beasts
 18578 | Lair:8   | Got a twisted ring mail
 18595 | Lair:8   | Identified the +8 ring mail "Puoz" {rF++ rC+} (You acquired it on level 8 of the Lair of Beasts)
 18595 | Lair:8   | --oh damn
 18646 | Lair:8   | Noticed Maud
 18652 | Lair:8   | Killed Maud
 18816 | Lair:8   | Noticed Erica
 18833 | Lair:8   | Killed Erica
 18915 | Lair:8   | Noticed Rupert
 18917 | Lair:8   | Paralysed by Rupert for 7 turns
 18922 | Lair:8   | Killed Rupert
 18925 | Lair:8   | Reached XP level 14. HP: 114/116 MP: 14/14
 19047 | Lair:8   | Received a gift from Trog
 19426 | Lair:8   | Reached skill level 5 in Armour
 19466 | Lair:8   | Noticed a dire elephant
 19470 | Lair:8   | Killed a dire elephant
 19539 | Lair:8   | Noticed a dire elephant
 19558 | Lair:8   | Killed a dire elephant
 19893 | Lair:1   | Got a crude robe
 20467 | Orc:1    | Entered Level 1 of the Orcish Mines
 20502 | Orc:1    | Found a roughly hewn altar of Beogh.
 20530 | Orc:1    | Noticed Dowan
 20531 | Orc:1    | Noticed Duvessa
 20539 | Orc:1    | Killed Duvessa
 20540 | Orc:1    | Killed Dowan
 20828 | Orc:2    | Received a gift from Trog
 20869 | Orc:2    | Found Shrixzis' Gadget Shop.
 21583 | Orc:3    | Noticed Harold
 21612 | Orc:3    | Killed Harold
 21612 | Orc:3    | Reached skill level 19 in Polearms
 21888 | Orc:3    | Found Throff's Assorted Antiques.
 21990 | Orc:4    | Entered Level 4 of the Orcish Mines
 22190 | Orc:4    | Found a frozen archway.
 22245 | Orc:4    | Received a gift from Trog
 22261 | Orc:4    | Found a staircase to the Elven Halls.
 22269 | IceCv    | Entered an ice cave
 22923 | IceCv    | Received a gift from Trog
 23034 | IceCv    | Noticed a frost giant
 23086 | IceCv    | Killed a frost giant
 23153 | IceCv    | Got a pair of slimy gloves
 23157 | IceCv    | Identified the cursed -2 pair of gloves of the Eternal Fruit {rElec Str+1 Acc+2} (You found it in an ice cave)
 23369 | Orc:4    | Noticed Nessos
 23398 | Orc:4    | Killed Nessos
 23527 | Orc:4    | Reached XP level 15. HP: 125/125 MP: 15/15
 23760 | Orc:4    | Received a gift from Trog
 23851 | Orc:4    | Noticed Nergalle
 23874 | Orc:4    | Killed Nergalle
 24150 | Orc:4    | Found Shes' General Store.
 24150 | Orc:4    | Found Skatt's Gadget Boutique.
 24150 | Orc:4    | Found Bluogit's Jewellery Shop.
 24172 | Orc:4    | Found Thouc's General Store.
 24184 | Orc:4    | Bought a potion of heal wounds for 45 gold pieces
 24184 | Orc:4    | Bought a scroll of identify for 30 gold pieces
 24269 | Orc:3    | Bought a faintly glowing buckler for 247 gold pieces
 24276 | Orc:3    | Identified the +2 buckler of Divine Compulsion {+Rage rC+ rN+} (You bought it in a shop on level 3 of the Orcish Mines)
 24450 | D:12     | Reached skill level 20 in Polearms
 24545 | D:12     | Noticed Grum
 24571 | D:12     | Killed Grum
 24941 | D:12     | Noticed Joseph
 24961 | D:12     | Killed Joseph
 24994 | D:12     | --good
 25071 | D:12     | --nice
 25580 | D:13     | Received a gift from Trog
 25792 | D:13     | Noticed Fannar
 25807 | D:13     | Killed Fannar
 25915 | D:13     | Gained mutation: Your mind is acute. (Int +2) [potion of beneficial mutation]
 26817 | D:15     | Entered Level 15 of the Dungeon
 26817 | D:15     | Noticed Snorg
 26826 | D:15     | Killed Snorg
 26877 | D:15     | Found Grih's Distillery.
 26887 | D:15     | Bought a potion of heal wounds for 45 gold pieces
 26919 | D:15     | Got a warped war axe
 27227 | D:15     | Got a blackened bow
 27293 | D:15     | Found a gate to the Vaults.
 27319 | D:15     | Reached skill level 15 in Fighting
 27649 | D:15     | Reached skill level 21 in Polearms
 28016 | D:16     | Entered Level 16 of the Dungeon
 28078 | D:16     | Reached XP level 16. HP: 114/136 MP: 16/16
 28182 | D:16     | Found a shadowy altar of Dithmenos.
 28215 | D:16     | Received a gift from Trog
 28222 | D:16     | Got a steaming scale mail
 28691 | D:15     | Identified the +0 scale mail of Divine Intervention {Dex+4} (You took it off an orc on level 16 of the Dungeon)
 28808 | D:16     | Found a staircase to the Depths.
 29078 | Lair:1   | Upgraded the game from 0.14-a0-2910-g8a9724b to 0.14-a0-2939-ge0b1554
 29251 | Spider:1 | Entered Level 1 of the Spider Nest
 29365 | Spider:1 | Gained mutation: You passively map a small area around you. [potion of beneficial mutation]
 29403 | Spider:1 | Received a gift from Trog
 29860 | Spider:1 | Reached skill level 1 in Evocations
 31323 | Spider:3 | Noticed Wiglaf
 31359 | Spider:3 | Killed Wiglaf
 31913 | Spider:3 | Reached skill level 22 in Polearms
 32135 | Spider:4 | Reached skill level 5 in Evocations
 32315 | Spider:4 | Reached XP level 17. HP: 133/144 MP: 25/25
 32463 | Spider:4 | Received a gift from Trog
 32469 | Spider:4 | Got a polished glaive {god gift}
 32470 | Spider:4 | Identified the +6,+3 glaive "Gicy" {chop, rElec} (Trog gifted it to you on level 4 of the Spider Nest)
 33172 | Spider:5 | Entered Level 5 of the Spider Nest
 33429 | Spider:5 | Noticed Roxanne
 33430 | Spider:5 | --come on
 33688 | Spider:5 | Received a gift from Trog
 34533 | Spider:5 | Got a gossamer rune of Zot
 35021 | Shoals:1 | Entered Level 1 of the Shoals
 36131 | Shoals:2 | Reached XP level 18. HP: 154/154 MP: 30/30
 36250 | Shoals:2 | Reached skill level 10 in Evocations
 36258 | Shoals:2 | Received a gift from Trog
 36259 | Shoals:2 | Got a fine trident {god gift}
 36262 | Shoals:2 | Identified the -2,+2 trident of Accord {venom, rF++ Int+2 Stlth++} (Trog gifted it to you on level 2 of the Shoals)
 36336 | Shoals:2 | Found Woacwon's Armour Emporium.
 37767 | Shoals:3 | Got a heavily runed ring mail
 37768 | Shoals:3 | Identified the cursed -8 ring mail of Compression {+Inv rPois Stlth+ Curse} (You found it on level 3 of the Shoals)
 38117 | Shoals:3 | Found Meyleocy's Assorted Antiques.
 38129 | Shoals:3 | Bought a glowing fluorescent wand for 152 gold pieces
 38129 | Shoals:3 | Bought a scroll of enchant weapon III for 760 gold pieces
 38348 | Shoals:3 | Reached skill level 5 in Shields
 39263 | Shoals:5 | Entered Level 5 of the Shoals
 39482 | Shoals:5 | Received a gift from Trog
 39906 | Shoals:5 | Noticed Ilsuiw
 40292 | Shoals:5 | Killed Ilsuiw
 40499 | Shoals:5 | Reached XP level 19. HP: 161/161 MP: 33/34
 40628 | Shoals:5 | Got a barnacled rune of Zot
 40987 | Vaults:1 | Entered Level 1 of the Vaults
 41007 | Vaults:1 | Reached skill level 15 in Evocations
 41493 | Vaults:1 | --come on
 41554 | Vaults:1 | Received a gift from Trog
 41849 | Vaults:1 | Found Pludgha's Armour Emporium.
 42312 | Vaults:1 | --WHAT
 42703 | Vaults:2 | Received a gift from Trog
 42794 | Vaults:2 | Found a flickering gateway to a bazaar.
 42840 | Bazaar   | Entered a bazaar
 42842 | Bazaar   | Found Mnoup's Armour Boutique.
 42845 | Bazaar   | Found Dylal's Jewellery Boutique.
 42846 | Bazaar   | Found Tid Twoa's Assorted Antiques.
 42846 | Bazaar   | Found Tiruab's Weapon Boutique.
 42881 | Bazaar   | Bought a pair of glowing boots for 94 gold pieces
 42890 | Bazaar   | Bought the ring "Jyck" {rPois Str+2 Acc+4 Dam+6 SInv} for 1380 gold pieces
 44196 | Vaults:3 | Found a staircase to the Crypt.
 44335 | Vaults:3 | Reached XP level 20. HP: 172/172 MP: 35/35
 44480 | Vaults:3 | Received a gift from Trog
 45444 | Vaults:3 | Found a staircase to the Hall of Blades.
 45809 | Vaults:5 | Entered Level 5 of the Vaults
 45810 | Vaults:5 | --I'm so fucking dumb :D
 46328 | Vaults:4 | Received a gift from Trog
 47208 | D:16     | Upgraded the game from 0.14-a0-2939-ge0b1554 to 0.14-a0-2950-gbe29d66
 47209 | Depths:1 | Entered Level 1 of the Depths
 47419 | Depths:1 | Received a gift from Trog
 47526 | Depths:1 | Found a gateway to Hell.
 47668 | Depths:1 | Found a shattered altar of Ashenzari.
 48243 | Depths:2 | Reached XP level 21. HP: 166/183 MP: 36/36
 48326 | Depths:2 | Paralysed by a giant eyeball for 2 turns
 48574 | Depths:2 | Reached skill level 23 in Dodging
 48612 | Depths:2 | Received a gift from Trog
 48620 | Depths:2 | Paralysed by a giant eyeball for 2 turns
 48624 | Depths:2 | Paralysed by a giant eyeball for 2 turns
 48633 | Depths:2 | Paralysed by a giant eyeball for 3 turns
 50181 | Depths:2 | Found a one-way gate to the infinite horrors of the Abyss.
 50231 | Depths:3 | Found a gateway to a ziggurat.
 50260 | Depths:3 | Received a gift from Trog
 50297 | Depths:3 | Got a crystal executioner's axe {god gift}
 50337 | Depths:3 | Noticed Jorgrun
 50355 | Depths:3 | Killed Jorgrun
 50486 | Depths:3 | Found a one-way gate leading to the halls of Pandemonium.
 50572 | Depths:3 | Reached skill level 10 in Armour
 50849 | Depths:3 | Reached XP level 22. HP: 187/195 MP: 37/37
 51132 | Depths:3 | Paralysed by a giant eyeball for 4 turns
 51262 | Depths:3 | Received a gift from Trog
 51441 | Depths:3 | Noticed a golden dragon
 51441 | Depths:3 | Noticed Norris
 51469 | Depths:3 | Reached skill level 24 in Dodging
 51495 | Depths:3 | Killed Norris
 51508 | Depths:3 | Killed a golden dragon
 51623 | Depths:3 | Noticed a golden dragon
 51717 | Depths:3 | Killed a golden dragon
 51753 | Depths:3 | Noticed a golden dragon
 51774 | Depths:3 | Received a gift from Trog
 51786 | Depths:3 | Killed a golden dragon
 52339 | Depths:4 | Noticed surr's ghost (legendary SpAr)
 52340 | Depths:4 | --WHAT
 52340 | Depths:4 | --ARE YOU KIDDING ME
 52371 | Depths:4 | Killed surr's ghost
 52372 | Depths:4 | --fucker
 52474 | Depths:4 | Noticed Misa's ghost (great GrBe)
 52475 | Depths:4 | Reached XP level 23. HP: 206/206 MP: 37/37
 52476 | Depths:4 | --ARE YOU SHITTING ME
 52494 | Depths:4 | Killed Misa's ghost
 52497 | Depths:4 | --stupid ghosts
 52636 | Depths:4 | Received a gift from Trog
 52689 | Depths:4 | Got a vibrating ivory ring
 52692 | Depths:4 | --does it ever end
 52877 | Depths:4 | Identified the cursed ring of Iwkeapok {Hunger+ rN+ Str-3} (You took it off a deep elf high priest on level 4 of the Depths)
 53414 | Depths:4 | Received a gift from Trog
 53584 | Depths:4 | Reached skill level 25 in Dodging
 53919 | Depths:4 | Got a jewelled helmet
 53923 | Depths:4 | Identified the +2 helmet "Truofron" {Str-3 Int-3} (You acquired it on level 4 of the Depths)
 54244 | Depths:5 | Got a faintly glowing scale mail
 54245 | Depths:5 | Identified the +0 scale mail of the Abyss {Dex+4 Acc+5 Curse} (You found it on level 5 of the Depths)
 54376 | Depths:5 | Received a gift from Trog
 54423 | Depths:5 | Reached XP level 24. HP: 157/217 MP: 38/38
 54801 | Depths:5 | Noticed Frederick
 54812 | Depths:5 | Killed Frederick
 55076 | Depths:6 | Entered Level 6 of the Depths
 55189 | Depths:6 | Received a gift from Trog
 55242 | Depths:6 | Noticed Xtahua
 55269 | Depths:6 | Killed Xtahua
 56254 | Depths:6 | Found a gate to the Realm of Zot.
 56390 | Depths:6 | Identified the Incunabulum of Flying Conjuration (You found it on level 6 of the Depths)
 56825 | Vaults:4 | Received a gift from Trog
 56954 | Vaults:5 | Noticed a golden dragon
 56954 | Vaults:5 | Gained mutation: You possess an exceptional clarity of mind. [a shining eye]
 56964 | Vaults:5 | Killed a golden dragon
 56997 | Vaults:5 | Reached skill level 26 in Dodging
 57129 | Vaults:5 | Got a crude fire dragon armour
 57130 | Vaults:5 | Identified the +7 fire dragon armour of Soolieda {rF++ rC- Str+5 Int-3 Dam+4} (You found it on level 5 of the Vaults)
 57131 | Vaults:5 | --could be good
 57229 | Vaults:5 | Reached XP level 25. HP: 199/228 MP: 38/38
 57254 | Vaults:5 | Got a pitted tin ring
 57256 | Vaults:5 | Identified the ring of Qiwosal {rElec MP+9} (You found it on level 5 of the Vaults)
 57585 | Vaults:5 | Received a gift from Trog
 58156 | Vaults:5 | Got a silver rune of Zot
 58165 | Vaults:5 | Identified Ysmapyiq's Tome of Fire (You found it on level 5 of the Vaults)
 58242 | Vaults:5 | Noticed Sokar's ghost (mighty CeHu)
 58242 | Vaults:5 | --can you guys just stop dying???
 58263 | Vaults:5 | Killed Sokar's ghost
 58345 | Vaults:5 | Noticed a golden dragon
 58377 | Vaults:5 | Killed a golden dragon
 58842 | Vaults:5 | Received a gift from Trog
 59271 | Zig:1    | Entered Level 1 of a ziggurat
 59291 | Zig:2    | Entered Level 2 of a ziggurat
 59352 | Zig:2    | --enough
 59367 | Depths:3 | Upgraded the game from 0.14-a0-2950-gbe29d66 to 0.14-a0-2964-g8dc6adb
 59461 | Zot:1    | Entered Level 1 of the Realm of Zot
 60160 | Zot:1    | Reached skill level 27 in Fighting
 60194 | Zot:1    | Reached XP level 26. HP: 242/242 MP: 39/39
 60396 | Zot:2    | Reached skill level 27 in Dodging
 61183 | Zot:2    | Noticed an orb of fire
 61197 | Zot:2    | Received a gift from Trog
 61375 | Zot:2    | Killed an orb of fire
 61397 | Zot:2    | Reached skill level 10 in Shields
 62059 | Zot:3    | Noticed an orb of fire
 62079 | Zot:3    | Killed an orb of fire
 62922 | Zot:4    | Reached XP level 27. HP: 226/249 MP: 39/39
 63531 | Zot:4    | Noticed an orb of fire
 63569 | Zot:4    | Killed an orb of fire
 64792 | Shoals:2 | Bought the +0 helmet of Death's Door {rPois rN+} for 298 gold pieces
 64958 | Lair:6   | Found a staircase to the Slime Pits.
 64981 | Slime:1  | Entered Level 1 of the Pits of Slime
 64990 | Slime:1  | Reached skill level 15 in Armour
 65112 | Slime:3  | Paralysed by a giant eyeball for 4 turns
 65258 | Slime:6  | Entered Level 6 of the Pits of Slime
 65315 | Slime:6  | Found a viscous altar of Jiyva.
 65332 | Slime:6  | Noticed the royal jelly
 65361 | Slime:6  | Killed the royal jelly
 65361 | Slime:6  | Reached skill level 15 in Shields
 65442 | Slime:6  | Got a faintly glowing marble ring
 65550 | Slime:6  | Got a shimmering hand axe
 65640 | Slime:6  | Got a shimmering golden ring
 65670 | Slime:6  | Got a slimy rune of Zot
 65690 | Slime:6  | Identified the ring "Pyre" {Hunger +Fly rPois Int+2} (You found it on level 6 of the Pits of Slime)
 65692 | Slime:6  | Identified the ring of Rodisuyx {rC- Dex+4 Acc+3} (You found it on level 6 of the Pits of Slime)
 66105 | Shoals:3 | Bought a book of Enchantments for 1900 gold pieces
 66396 | Depths:2 | Was placed under penance by Trog
 66399 | Depths:2 | Learned a level 2 spell: Repel Missiles
 66399 | Depths:2 | --sorry trog :/
 66442 | Depths:2 | Reached skill level 1 in Charms
 66648 | Lair:1   | Learned a level 1 spell: Apportation
 66651 | Lair:1   | Learned a level 2 spell: Blink
 66801 | D:9      | Fell from the grace of Trog
 67106 | Temple   | Became a worshipper of the Shining One
 67620 | Crypt:1  | Entered Level 1 of the Crypt
 67675 | Crypt:1  | Reached skill level 1 in Translocations
 67780 | Crypt:1  | Reached skill level 1 in Invocations
 67930 | Crypt:1  | Acquired the Shining One's first power
 68355 | Crypt:2  | Acquired the Shining One's second power
 68398 | Crypt:2  | Reached skill level 5 in Invocations
 68488 | Crypt:2  | Found a staircase to the Tomb.
 68838 | Crypt:2  | Found a basalt altar of Yredelemnul.
 69055 | Crypt:2  | Acquired the Shining One's third power
 69582 | Crypt:2  | --what
 69749 | Crypt:3  | Reached skill level 5 in Translocations
 70291 | Crypt:3  | Acquired the Shining One's fourth power
 70834 | Crypt:4  | --silent spectre why don't you help me :(
 70904 | Crypt:4  | Noticed Khufu
 70905 | Crypt:4  | --sup khufu, like my buddy ? :D
 70929 | Crypt:4  | Killed Khufu
 71506 | Crypt:5  | Entered Level 5 of the Crypt
 71877 | Crypt:5  | Reached skill level 10 in Invocations
 71884 | Crypt:5  | --sup guys
 72481 | Crypt:5  | --fuck that
 73294 | Crypt:5  | Noticed an ancient lich
 73311 | Crypt:5  | Killed an ancient lich
 73312 | Crypt:5  | --haha
 73488 | Crypt:5  | --trog really needs to chill out
 73606 | Crypt:5  | Found an ancient bone altar of Kikubaaqudgha.
 73626 | Crypt:5  | Noticed an ancient lich
 73633 | Crypt:5  | Noticed an ancient lich
 73640 | Crypt:5  | Killed an ancient lich
 73778 | Crypt:5  | Killed an ancient lich
 74013 | D:15     | Was forgiven by Trog
 74352 | Temple   | Identified a +8,+9 Blessed Trishula (a cursed +7,+9 vampiric demon trident blessed by the Shining One)
 74356 | Temple   | --yeah no more wrath :)
 74356 | Temple   | Upgraded the game from 0.14-a0-2964-g8dc6adb to 0.14-a0-2986-gd1872aa
 74802 | Pan      | Entered Pandemonium
 75089 | Pan      | Noticed Tinnezywu the pandemonium lord
 75119 | Pan      | Killed Tinnezywu the pandemonium lord
 75119 | Pan      | Reached skill level 1 in Spellcasting
 75119 | Pan      | Reached skill level 5 in Charms
 75172 | Pan      | Got a heavily runed amber ring
 75173 | Pan      | Identified the ring of Garoheo {Fire Dex+3 Int+4} (You found it in Pandemonium)
 75224 | Pan      | Gained mutation: You are frail (-10% HP). [a neqoxec]
 76234 | Pan      | Noticed Ivvoho the pandemonium lord
 76651 | Pan      | Gained mutation: Your vision is a little blurry. [a cacodemon]
 76970 | Pan      | Entered the realm of Mnoleg.
 77540 | Pan      | Noticed Mnoleg
 77569 | Pan      | Killed Mnoleg
 77569 | Pan      | Reached skill level 10 in Translocations
 77591 | Pan      | Got a glowing rune of Zot
 77622 | Pan      | Gained mutation: Space occasionally distorts in your vicinity. [a cacodemon]
 77633 | Pan      | Reached skill level 10 in Charms
 77696 | Pan      | Reached skill level 15 in Invocations
 77815 | Pan      | Reached skill level 5 in Spellcasting
 78064 | Pan      | Found an exit through the horrors of the Abyss.
 78077 | Pan      | Entered the realm of Cerebov.
 78686 | Pan      | Noticed Cerebov
 78720 | Pan      | Got a pair of encrusted gloves
 78724 | Pan      | Identified the +1 pair of gloves of the Gravedigger {Dex+2 Int+4} (You found it in Pandemonium)
 78757 | Pan      | Learned a level 4 spell: Control Teleport
 78764 | Pan      | Learned a level 6 spell: Haste
 79094 | Pan      | Got a fiery rune of Zot
 79170 | Pan      | --fucking mutation
 79315 | Pan      | 4tharraofdagon: hey,did you kill cerebov
 79322 | Pan      | Tedronai: no
 79391 | Pan      | Pr0man: first time I see pande
 79405 | Pan      | Noticed Gript the pandemonium lord
 79406 | Pan      | 4tharraofdagon: oh,really
 79406 | Pan      | Tedronai: this mutation is driving me mad
 79406 | Pan      | Pr0man: teleportitis?
 79406 | Pan      | Tedronai: yeah
 79406 | Pan      | Pr0man: worst time to have it
 79406 | Pan      | Tedronai: not even id'ed cure mut
 79406 | Pan      | 4tharraofdagon: and you wont encounter holy pan level :/
 79406 | Pan      | Pr0man: ?
 79406 | Pan      | 4tharraofdagon: tso=no holy level
 79410 | Pan      | Pr0man: what's a holy pan lvl? sounds totally paradox considering pande is a place full of demons iirc?
 79419 | Pan      | 4tharraofdagon: yea,it consists with holy monsters,kinda strange..it has 4 guaranteed cure mut pots
 79445 | Pan      | Pr0man: ah, and since he wen't with tso who forbids fighting it's made so you won't have to fight holy beings?
 79449 | Pan      | Pr0man: and god my lenguage is messed up today
 79624 | Pan      | 4tharraofdagon: rng simply ommits the holy level when it rolls the new one,thats all
 79679 | Pan      | 4tharraofdagon: its not that hard,just annoying
 79840 | Pan      | Entered the realm of Lom Lobon.
 79840 | Pan      | Noticed Lom Lobon
 79841 | Pan      | --HI
 79841 | Pan      | Pr0man: huh?
 79841 | Pan      | Pr0man: what the heck happened?
 79841 | Pan      | Tedronai: you can spawn anywhere on the level
 79841 | Pan      | 4tharraofdagon: and ive seen you around for awhile,hard to believe you didnt see poan before :p
 79841 | Pan      | Tedronai: he has some new tricks right?
 79841 | Pan      | 4tharraofdagon: yea nado?
 79841 | Pan      | Pr0man: Dispite my name I'm a pretty bad player at this... I only won 1 game my entire career, even before playing online
 79841 | Pan      | 4tharraofdagon: oh glaciate
 79841 | Pan      | 4tharraofdagon: beware
 79841 | Pan      | 4tharraofdagon: it hurls serie of cold beams at you
 79841 | Pan      | Tedronai: time for some rElec :D
 79844 | Pan      | Pr0man: glaciate is a cone spell that deals a good chunk o dmg and puts enemies that won't resist into an ice block for several turns.. does that effect work on the player aswell?
 79845 | Pan      | 4tharraofdagon: frozen
 79845 | Pan      | Pr0man: lol
 79845 | Pan      | Tedronai: i don't like this
 79845 | Pan      | Pr0man: guess that answers it
 79845 | Pan      | 4tharraofdagon: he can shatter you to pieces like granite statue now
 79849 | Pan      | Tedronai: what
 79849 | Pan      | Tedronai: oh right
 79849 | Pan      | Tedronai: double tele :D
 79849 | Pan      | 4tharraofdagon: hahah ,good luclk :p
 79849 | Pan      | Pr0man: I still don't get how you got teleported into his room, well, I have no clue how pande works after all
 79851 | Pan      | Tedronai: i spawned there
 79855 | Pan      | 4tharraofdagon: it has 4 guaranteed unique levels,rest is pure random
 79904 | Pan      | 4tharraofdagon: but youll see on your own,theory is theory
 79904 | Pan      | Pr0man: so you entered a new realm of pande and ended up right next to the boss?
 79908 | Pan      | Tedronai: yes
 79908 | Pan      | Tedronai: you can spawn on every tile
 79908 | Pan      | 4tharraofdagon: you spawn place is totally random
 79908 | Pan      | Tedronai: except lava
 79908 | Pan      | Pr0man: so basically you can spawn in a cluster of enemies
 79908 | Pan      | Tedronai: you can spawn on hellion island and insta die :D
 79908 | Pan      | 4tharraofdagon: yep,sometimes it can be blessing,other times curse
 79947 | Pan      | 4tharraofdagon: i never landed on the rune thou
 79947 | Pan      | Pr0man: good thing I didn't attempted a 15 rune run the first game.. but hey, 5 runes for the first win is pretty awesome
 79947 | Pan      | Tedronai: mapping would be epic
 80047 | Pan      | Tedronai: all pan lords are partolling, right?
 80080 | Pan      | Pr0man: When found in Pandemonium, there is usually one Pan lord per floor. They may be wandering the floor or hiding in randomly placed vaults.
 80082 | Pan      | 4tharraofdagon: yea they guard their runes
 80083 | Pan      | Pr0man: just checked the wiki.. dunno how accurate it is on that
 80094 | Pan      | Tedronai: i refered to the attribute you can set to mobs in the .des files
 80290 | Pan      | Pr0man: well, now I guess is a good time to hope that your teleportitis won't kick in
 80292 | Pan      | Tedronai: somewhere has to be the rune room :D
 80314 | Pan      | Tedronai: is it right here ?
 80314 | Pan      | Tedronai: should i risk it :D
 80357 | Pan      | Pr0man: lol
 80361 | Pan      | Pr0man: :D
 80361 | Pan      | --NOOOOOOOO
 80361 | Pan      | 4tharraofdagon: :)
 80361 | Pan      | Pr0man: I SO FUCKING KNEW IT :D
 80361 | Pan      | Tedronai: :D
 80361 | Pan      | Tedronai: so dreading :D
 80363 | Pan      | 4tharraofdagon: eternal quest for bla bla bla :D
 80370 | Pan      | Got a magical rune of Zot
 80371 | Pan      | Pr0man: Am I a bad person for so calling that and enjoying it even more? :>
 80371 | Pan      | 4tharraofdagon: there you are
 80408 | Pan      | Tedronai: exactly what i needed...
 80408 | Pan      | Pr0man: Well.. tele?
 80416 | Pan      | Pr0man: wtf is "Flay"?
 80454 | Pan      | Tedronai: don't hate the flaya!
 80498 | Pan      | 4tharraofdagon: supa flay guy
 80619 | Pan      | Noticed Yjeegot the pandemonium lord
 80625 | Pan      | Yermak: I think Tedronai is a bit undercongident.
 80625 | Pan      | Yermak: underconfident*
 80625 | Pan      | Tedronai: am i?
 80625 | Pan      | Pr0man: well you are pretty overconfident iirc
 80625 | Pan      | Tedronai: autofight_stop = 0 and hold down tab? :D
 80625 | Pan      | Yermak: I mean high XL TSO guys usually tab Pan
 80625 | Pan      | Yermak: also deluxe ring mail
 80625 | Pan      | Pr0man: since this is his challenge one I guess he wants to top the score
 80625 | Pan      | 4tharraofdagon: "You are wrecked with pain!" is good reason to feel underconfident :p
 80625 | Pan      | Tedronai: you don't tab two fiends and a pan lord :D
 80626 | Pan      | Tedronai: of course
 80635 | Pan      | Yermak: here you are
 80637 | Pan      | Yermak: real hero
 80641 | Pan      | Killed Yjeegot the pandemonium lord
 80674 | Pan      | Yermak: poke-poke, win the game
 80761 | Pan      | Got a brightly glowing tin ring
 80765 | Pan      | Identified the ring "Crumn" {MP+9 Str+2 Acc+4 Dam+4} (You found it in Pandemonium)
 80771 | Pan      | Pr0man: huh, why are you having trouble reading scrolls?
 80777 | Pan      | Noticed Poilyrr the pandemonium lord
 80778 | Pan      | Yermak: I mean one step aside or other action is roughly two yoour pokes
 80778 | Pan      | Yermak: with those you can kill a Fiend
 80787 | Pan      | Yermak: and gain hp
 80793 | Pan      | Killed Poilyrr the pandemonium lord
 80920 | Pan      | Found an exit through the horrors of the Abyss.
 80938 | Pan      | Entered the realm of Gloorx Vloq.
 80938 | Pan      | Noticed Gloorx Vloq
 80939 | Pan      | Yermak: nice
 80939 | Pan      | --COME ON
 80939 | Pan      | Tedronai: again
 80939 | Pan      | Tedronai: already spawned right beside lom
 80939 | Pan      | Tedronai: make a stand?
 80939 | Pan      | Yermak: sorry, what does it mean?
 80939 | Pan      | Yermak: "make a stand"
 80939 | Pan      | Tedronai: fight
 80939 | Pan      | Yermak: walls are diggable
 80939 | Pan      | Yermak: dig as you did that with that Panlord
 80939 | Pan      | Yermak: there is enough material to dig
 80959 | Pan      | Yermak: also
 80962 | Pan      | Yermak: wait
 80965 | Pan      | Yermak: read fog
 80967 | Pan      | Yermak: to not get stuck in miasma
 80967 | Pan      | Yermak: too late
 80967 | Pan      | Yermak: not yet
 80976 | Pan      | Killed Gloorx Vloq
 81007 | Pan      | Pr0man: :D
 81007 | Pan      | Yermak: haha
 81007 | Pan      | Tedronai: dude i will rage in hell
 81065 | Pan      | Tedronai: perhaps i should do elf in the hope of cure mut :/
 81078 | Pan      | Yermak: perhaps you should get Holy Pan
 81080 | Pan      | Yermak: and free loot
 81080 | Pan      | Tedronai: with TSO?
 81136 | Pan      | Got a dark rune of Zot
 81148 | Pan      | Yermak: Do you think there is some restriction on this?
 81153 | Pan      | Yermak: I remember getting Holy Pan with Zin
 81161 | Pan      | Learned a level 7 spell: Controlled Blink
 81161 | Pan      | Yermak: Although it was like 0.10 or 0.11 version
 81161 | Pan      | Turgon: 4tharra, what about your HuFE?
 81167 | Pan      | Turgon: Saw him last in E:3
 81177 | Pan      | Yermak: lol
 81224 | Pan      | Yermak: Do manuals actually look like signs of infinity in console?
 81273 | Pan      | Turgon: I think books were always like this, weren't they?
 81273 | Pan      | Tedronai: yes
 81273 | Pan      | Tedronai: books are infinity for me
 81331 | Pan      | Turgon: Tedronai, do you play on console an watch yourself on tiles?!
 81331 | Pan      | Yermak: So books an manuals are still the same symbol?
 81331 | Pan      | Turgon: and*
 81331 | Pan      | Tedronai: just watch the chat
 81331 | Pan      | Yermak: and*
 81331 | Pan      | Tedronai: yes they are the same
 81333 | Pan      | Yermak: lol
 81351 | Pan      | Yermak: We made the same mistake
 81430 | Pan      | Tedronai: hm?
 81445 | Pan      | Turgon: he meant me
 81479 | Pan      | Yermak: T-nicks in crawl
 81479 | Pan      | Yermak: so many of them
 81521 | Pan      | Turgon: You are right, Termak
 81521 | Pan      | Yermak: heh-heh
 81521 | Pan      | Turgon: Double tormentor, that's unfair
 81521 | Pan      | Tedronai: too bad they have rF
 81522 | Pan      | Noticed Skamnan the pandemonium lord
 81752 | Pan      | Killed Skamnan the pandemonium lord
 82088 | Pan      | Reached skill level 15 in Charms
 82426 | Pan      | Noticed Mumosh the pandemonium lord
 82434 | Pan      | Killed Mumosh the pandemonium lord
 82446 | Pan      | Turgon: Mumosh dies.
 82447 | Pan      | Turgon: Rip mumosh
 82461 | Pan      | --what
 82461 | Pan      | --they were not shadow demon?
 82533 | Pan      | Noticed Zugeho the pandemonium lord
 82534 | Pan      | Turgon: "Embrace submission, thou cockered ill-breeding ratsbane!"
 82538 | Pan      | Yermak: haha
 82538 | Pan      | Yermak: nice
 82538 | Pan      | Tedronai: fire storm pan lord :/
 82538 | Pan      | Killed Zugeho the pandemonium lord
 82539 | Pan      | Turgon: Imps and pan lords are often so impolite
 82539 | Pan      | Yermak: hilarious
 82627 | Pan      | Turgon: Which pan rune(s) are missing?
 82684 | Pan      | Tedronai: random
 82684 | Pan      | Turgon: ok
 82684 | Pan      | Tedronai: and..
 82684 | Pan      | Tedronai: oh i have the uniques
 82684 | Pan      | Tedronai: lol should explore more
 82684 | Pan      | Yermak: Now you need holy pan
 82684 | Pan      | Tedronai: 4th said it does not spawn for good gods
 82693 | Pan      | Turgon: Is the demonic rune now always in holy pan?
 82711 | Pan      | Turgon: (in trunk)
 82817 | Pan      | Tedronai: no
 82829 | Pan      | Got a slimy hand axe
 82838 | Pan      | Turgon: But it *can* be there
 82959 | Pan      | Noticed Mnainua the pandemonium lord
 82968 | Pan      | Killed Mnainua the pandemonium lord
 83041 | Pan      | Yermak: Ahaha, I totally love this: KILLED_BY_BEING_THROWN
 83091 | Pan      | Turgon: Who threw a spriggan?
 83120 | Pan      | Found an exit through the horrors of the Abyss.
 83123 | Pan      | Yermak: no one yet
 83125 | Pan      | Yermak: but it can be done by new octopode unique
 83136 | Pan      | Turgon: wow
 83151 | Pan      | Turgon: what's its name?
 83175 | Pan      | Turgon: (This might be rune)
 83175 | Pan      | Tedronai: is this a rune vault?
 83175 | Pan      | Yermak: wait not a unique
 83175 | Pan      | Yermak: sorry
 83196 | Pan      | Yermak: any vault has flat chance to contain demonic rune
 83213 | Pan      | Turgon: I'd look here
 83250 | Pan      | Noticed Roame the pandemonium lord
 83313 | Pan      | Killed Roame the pandemonium lord
 83356 | Pan      | Reached skill level 10 in Spellcasting
 83382 | Pan      | Turgon: look right
 83382 | Pan      | Yermak: Also every vault has a portal to another floor now
 83382 | Pan      | Turgon: oh
 83386 | Pan      | Noticed Enus the pandemonium lord
 83389 | Pan      | Turgon: wasn't there an empty room to the right?
 83389 | Pan      | Turgon: with rune maybe?
 83390 | Pan      | Turgon: well, too late any way
 83417 | Pan      | Killed Enus the pandemonium lord
 83722 | Pan      | Turgon: acuqirement!
 83736 | Pan      | Turgon: cqu*
 83801 | Pan      | Turgon: Hey, there's still a scroll of acqu south of you
 83864 | Pan      | Tedronai: no potion?
 83864 | Pan      | Tedronai: i want to aquire cure mut!
 83864 | Pan      | Turgon: type [k] orb
 84344 | Pan      | Noticed Senin the pandemonium lord
 84345 | Pan      | --woah
 84348 | Pan      | Yermak: There were so many commits recently
 84352 | Pan      | Yermak: I'm still tearing through them
 84356 | Pan      | Killed Senin the pandemonium lord
 84386 | Pan      | Yermak: I thought before that thing were you can't stab animated weapons was intentional. But it turnd out to be a bug.
 84394 | Pan      | Yermak: Where*
 84413 | Pan      | Turgon: They should rename the following version
 84440 | Pan      | Turgon: It's not 0.13 -> 0.14,
 84454 | Pan      | Turgon: it's 0.13 -> 0.1000
 84476 | Pan      | Turgon: Because of billions of changes
 84504 | Pan      | Yermak: hahaha, this was an awesome bug:
 84508 | Pan      | Yermak: "Make enslaved Natasha not revive as a permanent friendly"
 84541 | Pan      | Yermak: I regret I don't find it
 84578 | Pan      | Yermak: haven't*
 84772 | Pan      | Gained mutation: Your body is slowly deteriorating. [a neqoxec]
 84880 | Pan      | Turgon: Why didn't you bless bardiche?
 84880 | Pan      | Tedronai: cause i had a +9 vamp trident
 84976 | Pan      | Gained mutation: Your magical capacity is low (-10% MP). [a cacodemon]
 85072 | Pan      | Noticed Ignacio
 85085 | Pan      | Killed Ignacio
 85192 | Pan      | --COME ON
 85202 | Pan      | Identified the Disquisition on Companions and Augmentations (You found it in Pandemonium)
 85206 | Pan      | Learned a level 2 spell: Swiftness
 85232 | Pan      | Noticed Anofaleir the pandemonium lord
 85247 | Pan      | Killed Anofaleir the pandemonium lord
 85564 | Pan      | Reached skill level 15 in Translocations
 85728 | Pan      | Gained mutation: You are partially covered in iridescent scales (AC +4). [potion of beneficial mutation]
 85777 | Pan      | Noticed Prycokig the pandemonium lord
 85817 | Pan      | Killed Prycokig the pandemonium lord
 85859 | Pan      | Got a heavily runed scale mail
 85863 | Pan      | Identified the +3 scale mail of the Sky {rPois rN+} (You found it in Pandemonium)
 85863 | Pan      | Identified a +1 rod of clouds (12/12) (You took it off a deep dwarf death knight on level 5 of the Crypt)
 86047 | Pan      | Noticed Pnaawuve the pandemonium lord
 86053 | Pan      | Killed Pnaawuve the pandemonium lord
 86456 | Pan      | Noticed Psiutt the pandemonium lord
 86474 | Pan      | Killed Psiutt the pandemonium lord
 86477 | Pan      | Reached skill level 15 in Spellcasting
 86574 | Pan      | Found an exit through the horrors of the Abyss.
 86715 | Pan      | Noticed Clilatruts the pandemonium lord
 86730 | Pan      | Killed Clilatruts the pandemonium lord
 86830 | Pan      | Got a steaming sling
 87253 | Pan      | Noticed Wilovvij the pandemonium lord
 87263 | Pan      | Killed Wilovvij the pandemonium lord
 87317 | Pan      | Got a distressingly furry ring mail
 87318 | Pan      | Identified the +2 ring mail of the Empire {Int+2} (You found it in Pandemonium)
 87318 | Pan      | Identified the +8,+9 sling of Onoatsor {venom, SInv} (You took it off a gelid demonspawn in Pandemonium)
 87455 | Pan      | Noticed Rodyth the pandemonium lord
 87525 | Pan      | Killed Rodyth the pandemonium lord
 87745 | Pan      | Noticed Awkiog the pandemonium lord
 87753 | Pan      | Killed Awkiog the pandemonium lord
 87760 | Pan      | Got a demonic rune of Zot
 87761 | Pan      | --finally
 87780 | Pan      | Upgraded the game from 0.14-a0-2986-gd1872aa to 0.14-a0-3109-ga7442b6
 88064 | Pan      | Got a pair of fine gloves
 88067 | Pan      | Identified the -4 pair of gloves "Zeoleed" {rElec rPois} (You found it in Pandemonium)
 88106 | Pan      | Found an exit through the horrors of the Abyss.
 88117 | Pan      | Took an exit into the Abyss.
 88117 | Abyss:1  | Escaped into the Abyss
 88117 | Abyss:1  | Found a corrupted altar of Lugonu.
 88142 | Abyss:1  | Learned a level 5 spell: Silence
 88257 | Abyss:1  | Reached skill level 1 in Hexes
 89654 | Abyss:3  | Reached skill level 5 in Hexes
 90089 | Abyss:4  | Found a corrupted altar of Lugonu.
 90177 | Abyss:4  | Found a corrupted altar of Lugonu.
 90226 | Abyss:4  | Paralysed by accursed screaming for 1 turns
 90328 | Abyss:4  | Learned a level 2 spell: Song of Slaying
 91146 | Abyss:4  | Paralysed by a vampire knight for 4 turns
 91787 | Abyss:4  | Found a corrupted altar of Lugonu.
 91924 | Abyss:4  | --this is soooo boring
 92023 | Abyss:4  | Reached skill level 10 in Hexes
 92368 | Abyss:4  | Pr0man: huh?
 92368 | Abyss:4  | Tedronai: hm?
 92371 | Abyss:4  | Pr0man: what a weird milestone is that?
 92383 | Abyss:4  | Pr0man: escaped (hah) into the Abyss!
 92385 | Abyss:4  | Tedronai: because i entered from pandemonium
 92390 | Abyss:4  | Pr0man: lol
 92402 | Abyss:4  | Paralysed by accursed screaming for 1 turns
 92409 | Abyss:4  | Pr0man: weird sense of humor
 92448 | Abyss:4  | Pr0man: wtf is with your stats?
 92448 | Abyss:4  | Tedronai: deterioration
 92448 | Abyss:4  | Pr0man: omg... r3 or what?
 92457 | Abyss:4  | Tedronai: no 1
 92457 | Abyss:4  | Pr0man: what? and you lost so many points on that?
 92457 | Abyss:4  | Tedronai: just the addtional stat drain from enemies
 92457 | Abyss:4  | Pr0man: ahhh
 92714 | Abyss:4  | Tedronai: just give me the rune already
 92722 | Abyss:4  | Pr0man: ahh you're just looking for the rune.. lol
 92764 | Abyss:4  | Pr0man: why you take on abyss last? it's like the easier rune..
 92769 | Abyss:4  | Tedronai: it is on the way
 92769 | Abyss:4  | Tedronai: pan has more abyss exits than exits to the dungeon
 92870 | Abyss:5  | Entered Level 5 of the Abyss
 92888 | Abyss:5  | Pr0man: since you're so deep inside the abyss the rune chance should be pretty big
 92889 | Abyss:5  | Tedronai: abyss 5 can be insane
 92928 | Abyss:5  | Pr0man: roughly 25% chance
 93024 | Abyss:5  | Pr0man: god you're mutated badly
 93044 | Abyss:5  | Tedronai: :D
 93044 | Abyss:5  | Pr0man: holy fuck
 93044 | Abyss:5  | Tedronai: it's ok
 93044 | Abyss:5  | Tedronai: only tele bothers me
 93047 | Abyss:5  | Pr0man: it's not the badness of the mutations.. rather the amount you obtained
 93053 | Abyss:5  | Found a corrupted altar of Lugonu.
 93083 | Abyss:5  | Pr0man: did you like drink every muta potion possible or did you forget to equip rmut ? :D
 93086 | Abyss:5  | Tedronai: these were obtained while wearing rMut
 93099 | Abyss:5  | Pr0man: god you're unlucky
 93194 | Abyss:5  | Tedronai: it would be so nice if a silver star spawned :D
 93214 | Abyss:5  | Pr0man: ?
 93215 | Abyss:5  | Tedronai: they remove mutations instead of mutating you
 93316 | Abyss:5  | Pr0man: oh zeah
 93336 | Abyss:5  | Pr0man: but according to the wiki thez target beneficial ones more than normal
 93342 | Abyss:5  | Tedronai: i don't give a fuck
 93342 | Abyss:5  | Tedronai: i'd give a lot to get rid of this shit
 93355 | Abyss:5  | Pr0man: no cure mutations?
 93390 | Abyss:5  | Tedronai: not even identified!
 93390 | Abyss:5  | Pr0man: omg
 93390 | Abyss:5  | Pr0man: the game's rough
 93390 | Abyss:5  | Tedronai: not a single potion this game
 93427 | Abyss:5  | Pr0man: can you show me your equipped stuff? maybe I can draw some conclusions on how to build endgame fighters
 93427 | Abyss:5  | Pr0man: a buckler and ringmail?
 93427 | Abyss:5  | Tedronai: :D
 93427 | Abyss:5  | Tedronai: so what?
 93427 | Abyss:5  | Tedronai: rF++ and rC++ only through them
 93427 | Abyss:5  | Pr0man: i would've gone with plate/large shield... :D dunno how smart that is though
 93427 | Abyss:5  | Yermak: I'd use such a ringmail too
 93427 | Abyss:5  | Yermak: on en evasive character
 93427 | Abyss:5  | Tedronai: ac doesn't help in extended anyway
 93437 | Abyss:5  | Yermak: it does
 93453 | Abyss:5  | Pr0man: well.. I'm not too keen on extended runs... max 5runes
 93454 | Abyss:5  | Tedronai: not against what bothers me
 93454 | Abyss:5  | Tedronai: 30 is more than enough for me
 93465 | Abyss:5  | Yermak: haha
 93475 | Abyss:5  | Yermak: then try extended with 5 or so
 93658 | Abyss:5  | Pr0man: my monk had 48/40/31 in ac/ev/sh
 93693 | Abyss:5  | Got an abyssal rune of Zot
 93694 | Abyss:5  | Pr0man: dun dun duuuun
 93694 | Abyss:5  | --finally
 93700 | Depths:4 | Escaped the Abyss
 93701 | Depths:4 | Tedronai: hey yermak do you know how zin piety works?
 93701 | Depths:4 | Tedronai: do i need to get xp to raise it or is paying enough?
 93724 | Hell     | Entered the Vestibule of Hell
 93724 | Hell     | Noticed Geryon
 93732 | Hell     | Pr0man: mostly through money
 93739 | Hell     | Killed Geryon
 93740 | Hell     | Pr0man: Killing any chaotic monster provides piety
 93773 | Hell     | Pr0man: also you can donate half your money at his altar to obtain piety based on how much you paid (nothing in particular said on the wiki)
 93777 | Hell     | Tedronai: yeah i know the wiki
 93777 | Hell     | Pr0man: well then I can't help out
 93777 | Hell     | Tedronai: but i want to know if -> zin -> pay -> cure mut -> tso is viable
 93777 | Hell     | Tedronai: i'll not grind this game
 93811 | Hell     | Found a gateway to the Iron City of Dis.
 93913 | Hell     | Found a gateway to the decaying netherworld of Tartarus.
 94006 | Dis:1    | Entered Level 1 of the Iron City of Dis
 94207 | Dis:4    | Pr0man: That being said, characters who worship the Shining One or Elyvilon may find it extremely worthwhile to switch to Zin for a brief time in the end game. Switching to Zin from a good god while at full piety will start you at nearly full piety with Zin, meaning that you need only donate half your gold and kill a handful of monsters before unlocking the ability to cure all of your mutations. This is a small price to pay for a character who's had a rough time in the extended end game. You may then immediately switch back to your old god with no penalty and with most of your original piety intact.
 94228 | Dis:4    | Tedronai: yeah
 94228 | Dis:4    | Tedronai: but i want to know if i need to get xp = kill monsters while with zin
 94228 | Dis:4    | Tedronai: i will not run to the temple, search monsters for full piety and then run back to the temple for tso
 94277 | Dis:5    | Pr0man: I have no idea how much you'd hve to pay to get to full piety without fighting
 94278 | Dis:5    | Tedronai: donate gold at altar
 94321 | Dis:5    | Pr0man: donation.. payment, pretty much the same, throwing gold away to get something you want :p
 94358 | Dis:7    | Entered Level 7 of the Iron City of Dis
 94536 | Dis:7    | Noticed Dispater
 94553 | Dis:7    | Reached skill level 15 in Hexes
 94559 | Dis:7    | Yermak: Sorry, wasn't here
 94559 | Dis:7    | Yermak: I don't think it's XP what Zin needs after payment
 94559 | Dis:7    | Yermak: just time to pass imo
 94559 | Dis:7    | Tedronai: i'll test it offline i guess
 94559 | Dis:7    | Tedronai: i will not do tomb with tele mutation
 94564 | Dis:7    | Yermak: No stais around/
 94566 | Dis:7    | Yermak: >
 94567 | Dis:7    | Yermak: ?**
 94568 | Dis:7    | Yermak: stasis*
 94568 | Dis:7    | Yermak: also -tele
 94568 | Dis:7    | Tedronai: lair is on the way back with the orb :D
 94568 | Dis:7    | Yermak: almost the same
 94584 | Dis:7    | Yermak: Yes, it would be turn optimal to get golden rune after getting the orb.
 94588 | Dis:7    | Tedronai: :D
 94588 | Dis:7    | Tedronai: best challenge
 94603 | Dis:7    | Killed Dispater
 94620 | Dis:7    | Got an iron rune of Zot
 95149 | Temple   | Fell from the grace of the Shining One
 95149 | Temple   | Became a worshipper of Zin the Law-Giver
 95149 | Temple   | Acquired Zin's first power
 95149 | Temple   | Acquired Zin's second power
 95149 | Temple   | Acquired Zin's third power
 95149 | Temple   | Acquired Zin's fourth power
 95150 | Temple   | Donated 2740 gold pieces to Zin
 95452 | D:9      | Received a gift from Zin
 95452 | D:9      | Lost mutation: You are partially covered in iridescent scales (AC +4). [Zin's power]
 95452 | D:9      | Lost mutation: Your vision is a little blurry. [Zin's power]
 95452 | D:9      | Lost mutation: You possess an exceptional clarity of mind. [Zin's power]
 95452 | D:9      | Lost mutation: Your mind is acute. (Int +2) [Zin's power]
 95452 | D:9      | Lost mutation: Your body is slowly deteriorating. [Zin's power]
 95452 | D:9      | Lost mutation: You are frail (-10% HP). [Zin's power]
 95452 | D:9      | Lost mutation: Your magical capacity is low (-10% MP). [Zin's power]
 95452 | D:9      | Lost mutation: You passively map a small area around you. [Zin's power]
 95452 | D:9      | Lost mutation: Space occasionally distorts in your vicinity. [Zin's power]
 95453 | D:9      | --fuck those mutations
 95680 | Temple   | Fell from the grace of Zin
 95680 | Temple   | Became a worshipper of the Shining One
 96452 | Tar:1    | Entered Level 1 of Tartarus
 96950 | Tar:5    | Pr0man: haven't you been here already yesterday?
 96951 | Tar:5    | Tedronai: no
 96951 | Tar:5    | Pr0man: huh
 96951 | Tar:5    | Tedronai: this is hell
 96951 | Tar:5    | Tedronai: not pan
 96988 | Tar:5    | Pr0man: Yeah, one of the 4 hell branches I know.. for some reason I get the feeling you've been here yesterday
 96988 | Tar:5    | Tedronai: no, i did pan
 97040 | Tar:7    | Entered Level 7 of Tartarus
 97172 | Tar:7    | Pr0man: all these extended branches look the same to me.
 97226 | Tar:7    | Pr0man: So, you went with zin and tso afterwards?
 97227 | Tar:7    | Tedronai: yes
 97227 | Tar:7    | Pr0man: was it enough money without grinding kills?
 97227 | Tar:7    | Tedronai: could not bear it any more
 97227 | Tar:7    | Tedronai: just need to wait a few turns
 97227 | Tar:7    | Tedronai: went to lair and piety was full
 97347 | Tar:7    | Pr0man: Since you have way more knowledge than I do.. I was thinking of a Naga fighter or transmuter of Cheibriados
 97347 | Tar:7    | Tedronai: cannot give you tips for that^^
 97347 | Tar:7    | Pr0man: meh
 97347 | Tar:7    | Tedronai: i dislike both :D
 97366 | Tar:7    | Pr0man: fighter/transmuter?
 97385 | Tar:7    | Pr0man: or the race/god?
 97385 | Tar:7    | Pr0man: :P
 97385 | Tar:7    | Tedronai: chei and naga
 97431 | Tar:7    | Pr0man: Well I don't particularly like naga either, but the combo seems pretty strong
 97439 | Tar:7    | Tedronai: i like running away
 97595 | Tar:7    | Pr0man: I usually hate running.. which is why I never really get a go with assasin/entchanter
 97601 | Tar:7    | Got a fine ivory ring
 97602 | Tar:7    | Identified the ring of the Crown {Wiz Dex+2 Acc+4} (You found it on level 7 of Tartarus)
 97604 | Tar:7    | Tedronai: most powerful tactic in crawl :)
 97774 | Tar:7    | Noticed Ereshkigal
 97786 | Tar:7    | Killed Ereshkigal
 97828 | Tar:7    | Identified Iskenderun's Grimoire of Scorching Combat Magic
 97838 | Tar:7    | Identified Bostrococ's Handbook of the Traveller
 97841 | Tar:7    | Got a bone rune of Zot
 97861 | Tar:7    | Got a slimy great sword
 97864 | Tar:7    | Got a pair of faintly glowing boots
 97865 | Tar:7    | Identified the cursed +1 pair of boots "Vockyr" {rElec Acc-6} (You found it on level 7 of Tartarus)
 97937 | Hell     | Found a gateway to the ashen valley of Gehenna.
 97944 | Hell     | Pr0man: I was just thinking.. do you think Vinestalkers are overpowered? you maybe haven't played them or such but have read on them
 97956 | Hell     | Tedronai: their aptitudes are bad and they have low health
 97956 | Hell     | Tedronai: should make up for their benefits
 97960 | Geh:1    | Entered Level 1 of Gehenna
 97961 | Geh:1    | Pr0man: It's weird, because the first game I won in crawl was with a VsMo
 98092 | Geh:3    | Gained mutation: You occasionally shout uncontrollably. [mutagenic glow]
 98122 | Geh:3    | Pr0man: huh? why did you mutate now?
 98125 | Geh:4    | Tedronai: hell effect
 98772 | Geh:7    | Entered Level 7 of Gehenna
 98779 | Geh:7    | Was placed under penance by the Shining One
 98780 | Geh:7    | --really
 98785 | Geh:7    | Was forgiven by the Shining One
 99469 | Geh:7    | Got a wavering amber ring
 99799 | Geh:7    | Noticed Asmodeus
 99838 | Geh:7    | Killed Asmodeus
 99890 | Geh:7    | Got an obsidian rune of Zot
100300 | Hell     | Identified the ring of Jiusivy {+/*Tele Str+3 Dex+2} (You found it on level 7 of Gehenna)
100323 | Hell     | Found a gateway to the freezing wastes of Cocytus.
100364 | Coc:1    | Entered Level 1 of Cocytus
100965 | Coc:7    | Entered Level 7 of Cocytus
101133 | Coc:7    | Noticed the Serpent of Hell
101541 | Coc:7    | Noticed Antaeus
101545 | Coc:7    | --SUP
101571 | Coc:7    | Got an icy rune of Zot
101581 | Coc:7    | Got a polished cloak
101611 | Hell     | magipi: nice job
101614 | Hell     | Tedronai: meh
101614 | Hell     | Tedronai: turn count is bad
101614 | Hell     | magipi: how many runes are left?
101614 | Hell     | Tedronai: too much running around due to mutations and food issues
101614 | Hell     | Tedronai: 1
101614 | Hell     | magipi: gehenna?
101614 | Hell     | Tedronai: tomb
101619 | Hell     | magipi: doing it now?
101619 | Hell     | Tedronai: yes
101619 | Hell     | Tedronai: i'm finishing now
101619 | Hell     | magipi: thanks
101619 | Hell     | Tedronai: one way or another :D
101729 | D:15     | magipi: you will be under 100 k turns, man
101731 | D:15     | magipi: is that bad?
101731 | D:15     | Tedronai: no i wont
101731 | D:15     | Tedronai: im over already
101731 | D:15     | Tedronai: see
101731 | D:15     | magipi: ah
101874 | Tomb:1   | Entered Level 1 of the Tomb of the Ancients
102009 | Tomb:1   | magipi: shoutitis? holy crap
102013 | Tomb:1   | Tedronai: whatever
102013 | Tomb:1   | magipi: is Zot done?
102013 | Tomb:1   | Tedronai: i had a lot of shit earlier
102013 | Tomb:1   | Tedronai: except 5
102016 | Tomb:1   | magipi: good
102124 | Tomb:1   | Tedronai: i'm not allowed to kill them
102124 | Tomb:1   | magipi: stupid TSO :D
102124 | Tomb:1   | Tedronai: but when the angel does it it is ok
102124 | Tomb:1   | Tedronai: bullshit
102295 | Tomb:1   | Tedronai: why do i sense monsters btw?
102649 | D:16     | Identified the cursed +0 cloak of the Storm King {Str+3 Int+4} (You found it on level 7 of Cocytus)
102649 | D:16     | magipi: mutation?
102649 | D:16     | Tedronai: that's the thing
102649 | D:16     | magipi: hm
102649 | D:16     | Tedronai: :D
102649 | D:16     | magipi: interesting
102649 | D:16     | Tedronai: i had the mutation earlier
102649 | D:16     | Tedronai: but now it's gone :D
102649 | D:16     | magipi: a bug? fine
102986 | Tomb:1   | Cast into the Abyss (the power of Zot)
102987 | Abyss:1  | --HAHAHA
102989 | Abyss:1  | magipi: the Zot trap?
103000 | Abyss:1  | Tedronai: yeah
103000 | Abyss:1  | Tedronai: mummy walked in
103000 | Abyss:1  | Tedronai: bullshit
103010 | Tomb:1   | Escaped the Abyss
103018 | Tomb:1   | magipi: you should not fight here
103045 | Tomb:1   | Tedronai: you don't say :D
103539 | Tomb:2   | Noticed Jory
104599 | Tomb:3   | Entered Level 3 of the Tomb of the Ancients
104629 | Tomb:3   | magipi: no stairdance? wow
105731 | Tomb:3   | magipi: this is very dangerous, you should not fight down there
105734 | Tomb:2   | Tedronai: so where should i fight? :D
105734 | Tomb:2   | magipi: go down, pull them up immediately
105734 | Tomb:2   | magipi: so the far ones cannot torment and smite
105734 | Tomb:2   | Tedronai: oh right too bad no one is right next to me
105734 | Tomb:2   | Tedronai: dude there are 5 greater mummies
105916 | Tomb:3   | magipi: awesome tp:D
105919 | Tomb:3   | Got a golden rune of Zot
105960 | Tomb:2   | --what now?
105960 | Tomb:2   | --fuck you tomb
106050 | Tomb:2   | magipi: go up to 1, random tele
106083 | Tomb:2   | Tedronai: no random tele
106083 | Tomb:2   | Tedronai: cTele
106083 | Tomb:2   | magipi: i mean ctele
106083 | Tomb:2   | magipi: sorry
106620 | Zot:5    | Entered Level 5 of the Realm of Zot
107457 | Zot:5    | magipi: Zot 5 is just brutal
107472 | Zot:5    | Turgon: Not as brutal as hell's branches imo
107472 | Zot:5    | Pr0man: I had the experience of it being rather annoying than brutal
107472 | Zot:5    | Tedronai: tomb was brutal
107472 | Zot:5    | Tedronai: and what i did was not an good example of how to do it :D
107482 | Zot:5    | magipi: wait for the orbs :D
107484 | Zot:5    | Pr0man: blinked into a pack of sphinxes?
107486 | Zot:5    | Tedronai: nah random teles on tomb:3 :D
107498 | Zot:5    | Pr0man: yup.. teleportitis :P
107504 | Zot:5    | Tedronai: no
107504 | Zot:5    | Tedronai: cured it
107514 | Zot:5    | Pr0man: ah yeah totally forgot
107542 | Zot:5    | Turgon: Funny thing to get the golden rune: DDoor and cBlink to the rune
107542 | Zot:5    | Tedronai: not with TSO :D
107542 | Zot:5    | Turgon: I think 4tharra and bart already did that
107558 | Zot:5    | Tedronai: but not in a game where it is your only try :)
107570 | Zot:5    | Turgon: Oh, this is weekly competition
107617 | Zot:5    | Noticed an orb of fire
107618 | Zot:5    | magipi: rf++ ?
107618 | Zot:5    | Tedronai: yeah
107657 | Zot:5    | Turgon: Remembers me (again) at a player who forgot about rF on cerebovs level
107659 | Zot:5    | Killed an orb of fire
107661 | Zot:5    | Tedronai: oh damn cerebov can spawn on orb run...
107661 | Zot:5    | Tedronai: good you reminded me :D
107670 | Zot:5    | Turgon: yes, and he enjoys to butcher merfolk dragon hides
107673 | Zot:5    | Turgon: ;-)
107731 | Zot:5    | Noticed an ancient lich
107737 | Zot:5    | Killed an ancient lich
107741 | Zot:5    | Noticed an ancient lich
107743 | Zot:5    | Paralysed by an ancient lich for 2 turns
107751 | Zot:5    | Turgon: You take the orb and feel his power. cerebov, lom lobon, mnoleg, gloorx vloq and 35 pandemonium lords appear.
107752 | Zot:5    | Tedronai: only lom and cerebov are left
107763 | Zot:5    | Killed an ancient lich
107771 | Zot:5    | Turgon: Yes, lom and cerebov will be left
107779 | Zot:5    | Turgon: mnoleg and gloorx will be right
107980 | Zot:5    | Noticed an orb of fire
108021 | Zot:5    | Killed an orb of fire
108153 | Zot:5    | Turgon: Well, sorry for fooling you.
108154 | Zot:5    | Turgon: :-)
108192 | Zot:5    | Tedronai: time to be a cheap bastard :D
108198 | Zot:5    | Pr0man: huh?
108199 | Zot:5    | Tedronai: apport the orb :D
108207 | Zot:5    | Pr0man: that'll make alot of noise...
108406 | Zot:5    | Noticed an ancient lich
108406 | Zot:5    | Paralysed by an ancient lich for 6 turns
108412 | Zot:5    | Turgon: holla
108424 | Zot:5    | Killed an ancient lich
108520 | Zot:5    | magipi: now comes the hard part:
108524 | Zot:5    | magipi: apport it upstairs
108524 | Zot:5    | Got the Orb of Zot
108695 | Depths:1 | Turgon: Incredible ring!
108695 | Depths:1 | Tedronai: which one?
108741 | D:16     | Turgon: the all-in-one ring
108755 | D:15     | Turgon: resists, damage, sInv
108902 | D:7      | Turgon: That was not cerebov but his folks
109051 | D:2      | magipi: well, congrats, awesome run
109121 | D:$      | Escaped with the Orb!

Table legend:
 A = Turns spent in this place as a percentage of turns spent in the entire game.
 B = Non-inter-level travel turns spent in this place as a percentage of non-inter-level travel turns spent in the entire game.
 C = Inter-level travel turns spent in this place as a percentage of turns spent in this place.
 D = Turns resting spent in this place as a percentage of non-inter-level travel turns spent in this place.
 E = Turns spent auto-exploring this place as a percentage of non-inter-level travel turns spent in this place.
 F = Non-inter-level travel turns spent in this place divided by the number of levels of this place that you've seen.
                   A       B       C       D       E      F
               +-------+-------+-------+-------+-------+----------------------
         Total | 100.0 | 100.0 |   0.4 |   0.5 |   0.0 | 561.6
       Dungeon |  16.4 |  16.4 |   0.7 |   0.7 |   0.0 | 930.8
        Temple |   0.2 |   0.1 |   3.5 |   2.2 |   0.0 | 136.0
  Orcish Mines |   3.0 |   3.0 |   0.4 |   0.1 |   0.0 | 693.0
          Lair |   6.4 |   6.4 |   1.2 |   0.3 |   0.0 | 724.0
        Shoals |   4.8 |   4.8 |   0.4 |   0.4 |   0.0 | 870.0
   Spider Nest |   5.3 |   5.2 |   0.7 |   0.9 |   0.0 | 954.8
    Slime Pits |   0.9 |   0.9 |   0.4 |   0.0 |   0.0 | 136.0
        Vaults |   7.9 |   7.9 |   0.8 |   0.1 |   0.0 | 1430.4
         Crypt |   6.3 |   6.3 |   0.4 |   0.8 |   0.0 | 1140.6
          Tomb |   2.0 |   2.0 |   0.3 |   7.9 |   0.0 | 615.3
          Hell |   0.6 |   0.6 |   0.5 |   0.0 |   0.0 | 571.0
           Dis |   0.8 |   0.8 |   0.0 |   0.0 |   0.0 |  99.6
       Gehenna |   2.4 |   2.4 |   0.1 |   0.1 |   0.0 | 307.9
       Cocytus |   1.5 |   1.5 |   0.0 |   0.0 |   0.0 | 197.4
      Tartarus |   1.7 |   1.7 |   0.1 |   0.0 |   0.0 | 223.4
           Zot |   7.1 |   7.1 |   0.3 |   0.2 |   0.0 | 1289.6
         Abyss |   7.2 |   7.2 |   0.0 |   0.0 |   0.0 | 1098.2
   Pandemonium |  14.0 |  14.0 |   0.0 |   0.3 |   0.0 | 236.5
      Ziggurat |   0.1 |   0.1 |   0.0 |   0.0 |   0.0 |  45.0
        Bazaar |   0.1 |   0.1 |   0.0 |   0.0 |   0.0 |  98.0
      Ice Cave |   1.0 |   1.0 |   0.0 |   0.9 |   0.0 | 926.0
        Depths |  10.4 |  10.4 |   0.6 |   0.1 |   0.0 | 1574.8
               +-------+-------+-------+-------+-------+----------------------

Table legend:
 A = Kills in this place as a percentage of kills in entire the game.
 B = Kills by you in this place as a percentage of kills by you in the entire game.
 C = Kills by friends in this place as a percentage of kills by friends in the entire game.
 D = Other kills in this place as a percentage of other kills in the entire game.
 E = Experience gained in this place as a percentage of experience gained in the entire game.
 F = Experience gained in this place divided by the number of levels of this place that you have seen.
                   A       B       C       D       E      F
               +-------+-------+-------+-------+-------+----------------------
         Total | 100.0 | 100.0 | 100.0 | 100.0 | 100.0 | 22152.4
       Dungeon |  12.1 |  12.3 |   8.3 |  11.1 |   2.4 | 5471.6
  Orcish Mines |   3.6 |   3.8 |   0.0 |   0.0 |   0.4 | 3716.5
          Lair |   5.0 |   5.0 |   7.4 |   0.0 |   1.2 | 5200.4
        Shoals |   3.3 |   3.1 |   7.4 |  11.1 |   2.7 | 19264.8
   Spider Nest |   4.0 |   4.1 |   2.3 |  11.1 |   2.2 | 15897.0
    Slime Pits |   1.0 |   1.0 |   0.5 |   0.0 |   1.3 | 7508.3
        Vaults |   7.3 |   7.4 |   5.1 |  22.2 |   8.2 | 58728.6
         Crypt |   4.8 |   4.8 |   4.2 |   5.6 |   5.2 | 37202.8
          Tomb |   2.3 |   2.3 |   3.2 |   0.0 |   2.2 | 26516.7
          Hell |   0.8 |   0.8 |   0.0 |   0.0 |   0.9 | 31232.0
           Dis |   1.2 |   1.1 |   1.9 |   0.0 |   1.4 | 6951.0
       Gehenna |   4.3 |   4.1 |  11.1 |   0.0 |   5.4 | 27594.6
       Cocytus |   2.8 |   2.9 |   1.4 |   0.0 |   2.5 | 12619.9
      Tartarus |   3.3 |   3.2 |   6.9 |   0.0 |   3.8 | 19239.3
           Zot |   3.7 |   3.8 |   0.5 |   0.0 |  12.0 | 85807.8
         Abyss |  11.8 |  12.0 |   6.0 |   5.6 |  10.4 | 62334.0
   Pandemonium |  17.2 |  17.2 |  16.2 |  27.8 |  24.7 | 16394.0
      Ziggurat |   0.1 |   0.1 |   1.4 |   0.0 |   0.1 | 1346.0
      Ice Cave |   0.9 |   0.8 |   2.3 |   0.0 |   0.4 | 13475.0
        Depths |  10.4 |  10.2 |  13.9 |   5.6 |  12.9 | 77343.2
               +-------+-------+-------+-------+-------+----------------------

Action                   |  1- 3 |  4- 6 |  7- 9 | 10-12 | 13-15 | 16-18 | 19-21 | 22-24 | 25-27 || total
-------------------------+-------+-------+-------+-------+-------+-------+-------+-------+-------++-------
Melee: Trident           |   134 |   229 |   468 |   441 |       |       |       |       |       ||  1272
       Whip              |       |       |    11 |    14 |       |       |       |       |       ||    25
       Halberd           |       |       |       |   393 |       |       |       |       |       ||   393
       Glaive            |       |       |       |   512 |  1980 |  1481 |       |       |  1371 ||  5344
       Demon trident     |       |       |       |       |       |   845 |  2255 |  2065 |  2151 ||  7316
       Trishula          |       |       |       |       |       |       |       |       |  7569 ||  7569
Throw: Dart              |    52 |   101 |    50 |    40 |     4 |       |       |       |       ||   247
       Stone             |     5 |       |     6 |       |       |       |       |       |       ||    11
       Tomahawk          |       |       |       |     8 |    26 |       |       |       |       ||    34
 Cast: Apportation       |       |       |       |       |       |       |       |       |   107 ||   107
       Haste             |       |       |       |       |       |       |       |       |    32 ||    32
       Control Teleport  |       |       |       |       |       |       |       |       |    22 ||    22
       Blink             |       |       |       |       |       |       |       |       |     6 ||     6
       Silence           |       |       |       |       |       |       |       |       |     4 ||     4
       Controlled Blink  |       |       |       |       |       |       |       |       |     2 ||     2
       Repel Missiles    |       |       |       |       |       |       |       |       |     1 ||     1
Invok: Burn Spellbooks   |       |       |     1 |     2 |     2 |     1 |       |     1 |     2 ||     9
       Berserk           |       |       |     9 |    15 |    13 |    10 |     3 |     3 |     1 ||    54
       Brothers in Arms  |       |       |       |     2 |    10 |     8 |     3 |     7 |     2 ||    32
       Trog's Hand       |       |       |       |     4 |    18 |    32 |    35 |    28 |    32 ||   149
       Cleansing Flame   |       |       |       |       |       |       |       |       |   112 ||   112
       Divine Shield     |       |       |       |       |       |       |       |       |    42 ||    42
       Summon Divine War |       |       |       |       |       |       |       |       |    31 ||    31
       Cure All Mutation |       |       |       |       |       |       |       |       |     1 ||     1
       Renounce Religion |       |       |       |       |       |       |       |       |     1 ||     1
 Abil: Evoke Invisibilit |       |       |     1 |       |       |     4 |     1 |     1 |     1 ||     8
       Evoke Flight      |       |       |       |       |       |       |       |     1 |     1 ||     2
       Evoke Teleportati |       |       |       |       |       |       |       |       |    41 ||    41
       Evoke Teleport Co |       |       |       |       |       |       |       |       |     9 ||     9
Evoke: Wand              |       |     3 |     5 |    14 |    44 |    20 |    19 |     9 |   116 ||   230
       Fan of gales      |       |       |       |       |     1 |       |       |     1 |     6 ||     8
       Lamp of fire      |       |       |       |       |       |     1 |     2 |     7 |    27 ||    37
       Phial of floods   |       |       |       |       |       |       |       |       |    14 ||    14
  Use: Scroll            |       |    11 |     9 |    15 |    15 |    22 |     4 |    14 |    71 ||   161
       Potion            |       |       |     2 |     2 |     3 |     9 |     1 |    11 |    39 ||    67
 Stab: Distracted        |       |       |       |     1 |     4 |     2 |     2 |     6 |    61 ||    76
       Sleeping          |       |       |       |     2 |     1 |     1 |       |       |    15 ||    19
       Fleeing           |       |       |       |       |     2 |       |       |       |       ||     2
       Held in net/web   |       |       |       |       |       |     1 |       |       |       ||     1
       Invisible         |       |       |       |       |       |    35 |    12 |       |       ||    47
       Paralysed         |       |       |       |       |       |       |       |       |     1 ||     1
       Petrified         |       |       |       |       |       |       |       |       |     2 ||     2

Vanquished Creatures
  the royal jelly (Slime:6)
  Ereshkigal (Tar:7)
  Ignacio (Pan)
  Gloorx Vloq (Pan)
  Mnoleg (Pan)
  Dispater (Dis:7)
  4 orbs of fire
  5 ancient liches
  Khufu (Crypt:4)
  The ghost of surr the Talismancer, a legendary SpAr of Nemelex Xobeh (Depths:4)
  4 greater mummies
  2 curse toes (Zot:2)
  The ghost of Sokar the Merry Centaur, a mighty CeHu of Zin (Vaults:5)
  Norris (Depths:3)
  16 pandemonium lords (Pan)
  A Killer Klown (Zot:5)
  Geryon (Hell)
  9 golden dragons
  Xtahua (Depths:6)
  A profane servitor (Crypt:2)
  5 electric golems
  21 bone dragons
  25 Brimstone Fiends
  8 Hell Sentinels
  A hellephant (Abyss:3)
  22 tentacled monstrosities
  17 Ice Fiends
  23 Orb Guardians
  13 acid blobs
  20 Shadow Fiends
  6 titans
  24 Executioners
  16 storm dragons
  5 liches
  5 krakens
  15 sphinxes
  23 tentacled starspawn
  2 ancient champions (Crypt:2)
  12 shadow dragons
  7 tengu reavers
  4 azure jellies (Slime:6)
  3 draconian monks
  Ilsuiw (Shoals:5)
  2 draconian scorchers
  4 ghouls
  9 iron dragons
  26 cacodemons
  3 deep elf sorcerers
  20 frost giants
  16 fire giants
  8 ghost moths
  9 draconian knights
  17 vault wardens
  An emperor scorpion (shapeshifter) (Vaults:5)
  10 warmongers (Pan)
  13 emperor scorpions
  5 draconian zealots
  9 blood saints (Pan)
  Jorgrun (Depths:3)
  5 draconian annihilators
  47 balrugs
  48 reapers
  2 deep elf demonologists
  3 draconian shifters
  3 war gargoyles
  9 corrupters (Pan)
  5 draconian callers
  23 stone giants
  7 pale draconians
  7 grey draconians
  A green draconian (shapeshifter) (Depths:3)
  13 lorocyprocas
  A spriggan defender (Depths:4)
  5 green draconians
  7 chaos champions (Pan)
  3 deep elf annihilators
  4 vampire knights (Abyss:4)
  11 yellow draconians
  2 white draconians
  2 dire elephants
  7 black draconians
  3 eidola
  11 purple draconians
  6 red draconians
  9 mottled draconians
  11 black suns (Pan)
  2 unborn
  7 merfolk javelineers
  12 ettins
  Snorg (D:15)
  27 vault guards
  3 quicksilver dragon zombies
  17 fire dragons
  7 spriggan air magi
  4 sirens
  5 salamander firebrands
  3 deep elf death magi
  14 blizzard demons
  18 mummy priests
  17 green deaths
  12 merfolk impalers
  2 minotaurs
  2 death oozes (Slime:6)
  2 deep elf high priests
  19 yaktaur captains
  A kraken zombie (Coc:4)
  11 jiangshi
  Fannar (D:13)
  37 ice dragons
  3 spriggan zombies (Depths:4)
  11 ogre magi
  4 great orbs of eyes
  7 ironheart preservers
  4 quicksilver dragon skeletons
  Harold (Orc:3)
  3 ravenous feature mimics
  27 monstrous demonspawn (Pan)
  Nessos (Orc:4)
  4 merfolk aquamancers
  2 hydras
  8 death cobs
  Erica (Lair:8)
  9 spriggan berserkers
  18 deep troll earth magi
  A satyr (Shoals:5)
  3 tengu warriors
  45 thrashing horrors
  26 death yaks
  9 rakshasas
  9 vampire magi
  3 plague shamblers
  4 titan zombies
  3 deep dwarf death knights
  31 soul eaters
  9 hell hogs
  12 deep troll shamans
  25 very ugly things
  4 catoblepae
  7 iron golems (Crypt:5)
  5 dancing weapons
  A fire crab (Vaults:5)
  13 centaur warriors
  89 sun demons
  Nergalle (Orc:4)
  80 hell knights
  6 titan skeletons
  2 storm dragon zombies
  13 shadow wraiths
  28 wretched stars
  A spectral elf (Crypt:3)
  21 ice devils
  10 spatial maelstroms
  4 storm dragon skeletons
  13 anaconda zombies
  3 golden dragon zombies
  7 death drakes
  20 hell beasts
  6 deep elf knights
  53 deep trolls
  21 shadow demons
  9 iron trolls
  4 unseen horrors
  12 flayed ghosts
  34 gelid demonspawn (Pan)
  87 skeletal warriors
  11 sea snakes
  8 orb spiders
  40 infernal demonspawn (Pan)
  6 giant orange brains
  26 torturous demonspawn (Pan)
  3 deep elf summoners
  102 large abominations
  4 wizards
  7 ironbrand convokers
  2 ghost moth zombies
  3 ice statues
  14 orc knights
  33 putrid demonspawn (Pan)
  A quicksilver dragon simulacrum (Hell)
  79 starcursed masses
  7 water nymphs
  A sphinx zombie (Depths:4)
  2 wolf spider zombies
  3 golden dragon skeletons
  5 anaconda skeletons
  A lindwurm (shapeshifter) (Vaults:2)
  Joseph (D:12)
  35 harpies
  29 hellions
  A draconian zombie (Zot:5)
  A shining eye (Slime:3)
  21 hill giants
  4 red wasps
  4 deep elf conjurers
  25 wolf spiders
  2 fire giant zombies
  4 shadow dragon zombies
  2 iron dragon zombies
  13 cyclopes
  A spectral fire dragon (Crypt:2)
  10 flaming corpses
  2 frost giant zombies
  7 stone giant zombies
  26 moths of wrath
  A sphinx skeleton (Depths:4)
  4 worldbinders
  16 manticores
  A draconian (Spider:2)
  5 stone golems (Depths:4)
  7 fire giant skeletons
  3 shadow dragon skeletons
  2 salamander mystics
  4 orc sorcerers
  A draconian (shapeshifter) (Vaults:3)
  3 oklob plants (Lair:6)
  A guardian serpent (Abyss:5)
  8 elephants
  4 iron dragon skeletons
  14 phantasmal warriors
  29 necromancers
  6 griffons
  52 sixfirhies
  2 octopodes (shapeshifter)
  19 vault sentinels
  5 frost giant skeletons
  6 eyes of devastation
  30 drowned souls
  4 stone giant skeletons
  6 apocalypse crabs
  10 salamanders
  6 dire elephant zombies
  49 orange demons
  8 black mambas
  33 tormentors
  A salamander (shapeshifter) (Vaults:4)
  6 spiny frogs
  2 elf zombies
  81 smoke demons
  A grey draconian zombie (Crypt:2)
  3 dire elephant skeletons
  A faun (Shoals:3)
  An emperor scorpion zombie (Abyss:4)
  An octopode (Abyss:1)
  3 vapours
  38 yaktaurs
  A shock serpent zombie (Geh:5)
  16 efreet
  2 mermaids (shapeshifter)
  73 guardian mummies
  40 raiju
  2 queen bees (shapeshifter)
  23 ancient zymes
  A white draconian zombie (Crypt:1)
  An elf (shapeshifter) (Vaults:5)
  A sea snake skeleton (Crypt:1)
  26 demonic crawlers
  A red draconian skeleton (Crypt:1)
  Grinder (D:6)
  4 fire drakes
  17 spriggans
  A wandering mushroom (Zot:2)
  9 hydra zombies
  3 centaur skeletons
  A giant firefly (Depths:6)
  5 deep elf priests
  39 hellwings
  9 komodo dragons
  8 mermaids
  10 iron devils
  34 merfolk
  A spriggan (shapeshifter) (Abyss:4)
  A troll (shapeshifter) (Vaults:4)
  A wind drake (shapeshifter) (Vaults:3)
  A pale draconian skeleton (Coc:7)
  A demonic crawler zombie (Hell)
  13 trolls
  3 fire vortices
  A jumping spider (shapeshifter) (Depths:5)
  15 polar bears
  59 red devils
  12 silent spectres
  A tengu simulacrum (Depths:4)
  26 freezing wraiths
  5 harpy zombies
  2 shock serpent skeletons
  2 tengu conjurers
  3 harpy skeletons
  5 wind drakes
  2 baby alligators (shapeshifter)
  A catoblepas zombie (Tar:7)
  A red wasp zombie (Crypt:2)
  A slime creature (shapeshifter) (Depths:6)
  14 blue devils
  3 hydra skeletons
  A queen bee (D:9)
  20 two-headed ogres
  2 alligator zombies
  7 blink frogs
  A brown ooze (shapeshifter) (Vaults:4)
  A wolf spider simulacrum (Crypt:2)
  4 bog bodies (Coc:7)
  A minotaur skeleton (Geh:3)
  44 slime creatures
  32 jumping spiders
  7 ravens
  5 ettin zombies
  4 fire dragon zombies
  A fire giant simulacrum (Crypt:2)
  3 boulder beetles
  5 grizzly bears
  2 ice dragon zombies
  12 brown oozes
  A formicid (shapeshifter) (Depths:3)
  7 snapping turtles
  3 wyverns
  2 griffon zombies
  4 deep elf magi
  14 tarantellas
  4 basilisks
  A black mamba zombie (Tar:7)
  88 flying skulls
  19 trapdoor spiders
  4 alligator skeletons
  29 shadows
  33 water elementals
  A trapdoor spider (shapeshifter) (Vaults:2)
  7 ettin skeletons
  3 formicids
  11 vampires
  4 molten gargoyles
  3 ice dragon skeletons
  45 redbacks
  65 ynoxinuls
  4 fire dragon skeletons
  24 wraiths
  10 hungry ghosts
  3 black mamba skeletons
  22 sharks
  71 yaks
  13 air elementals
  8 deep elf fighters
  Grum (D:12)
  An elephant slug (Lair:5)
  3 hogs (D:10)
  6 fire elementals
  13 vampire mosquitoes
  A human (D:15)
  20 golden eyes
  60 neqoxecs
  8 hippogriffs
  15 chaos spawn
  An emperor scorpion simulacrum (Abyss:4)
  9 fire bats (Abyss:4)
  2 putrid demonspawn zombies (Pan)
  55 ugly things
  Menkaure (D:6)
  4 human zombies
  A monstrous demonspawn zombie (Pan)
  34 hell hounds
  21 wolves
  6 spiny frog zombies
  2 hydra simulacra (Hell)
  An orange crystal statue (Zot:5)
  30 spatial vortices
  A swamp worm (shapeshifter) (Vaults:5)
  A sky beast (D:11)
  A water nymph skeleton (Crypt:3)
  A wolf (shapeshifter) (Abyss:5)
  3 ogre skeletons
  43 orc warriors
  2 spectral sharks (Tar:7)
  14 necrophages
  4 spiny frog skeletons
  10 black bears
  30 ice beasts
  2 dwarves (Lair:2)
  9 porcupines
  44 small abominations
  6 snapping turtle zombies
  A swamp dragon zombie (Tomb:2)
  14 giant goldfish
  2 kobold demonologists (Vaults:1)
  33 ogres
  5 yellow wasps
  2 manticore zombies
  2 phantoms
  2 snapping turtle skeletons
  An alligator simulacrum (Coc:4)
  An elephant skeleton (Crypt:4)
  A manticore skeleton (Tar:1)
  29 centaurs
  A swamp dragon skeleton (Geh:6)
  2 boring beetles
  Duvessa (Orc:1)
  13 crocodiles
  9 wargs
  11 big kobolds
  A komodo dragon zombie (D:10)
  2 lost souls (Crypt:5)
  A dryad zombie (Crypt:1)
  11 giant slugs
  5 brain worms
  Blork the orc (D:8)
  15 water moccasins
  18 giant frogs
  An earth elemental (Depths:4)
  A spiny frog simulacrum (Crypt:2)
  A chimera skeleton (Crypt:3)
  An eye of draining (shapeshifter) (Depths:2)
  6 eyes of draining
  64 wights
  A polar bear zombie (Crypt:4)
  A yak zombie (D:11)
  2 cyclops skeletons
  2 troll zombies
  12 vampire bats (Abyss:4)
  A hippogriff zombie (Shoals:1)
  33 killer bees
  A yak skeleton (D:10)
  14 electric eels
  Dowan (Orc:1)
  2 giant frog zombies
  4 goliath beetles
  13 iron imps
  3 troll skeletons
  9 quasits
  15 jellies
  2 gnoll shamans (D:10)
  15 crimson imps
  A water moccasin skeleton (Crypt:3)
  10 big fish
  17 hounds
  16 orc priests
  A black bear skeleton (D:6)
  26 orc wizards
  A spectral big fish (Tar:7)
  2 human skeletons
  9 iguanas
  6 orange rats (Lair:5)
  9 scorpions
  21 spiders
  A warg skeleton (Crypt:1)
  9 worker ants
  2 giant frog skeletons
  A demonspawn skeleton (Crypt:3)
  A demigod zombie (Crypt:4)
  An ogre zombie (D:7)
  50 sheep
  Jessica (D:3)
  A crocodile skeleton (D:7)
  16 boggarts
  A hound skeleton (Crypt:4)
  A hound zombie (D:6)
  44 mummies
  An orange rat zombie (Crypt:2)
  23 adders
  A gnoll skeleton (D:8)
  13 gnolls
  33 green rats
  6 shadow imps
  4 giant mites
  13 white imps
  A goliath beetle zombie (D:7)
  8 worms
  56 ufetubi
  An iguana zombie (Crypt:4)
  2 adder skeletons
  14 giant eyeballs
  6 giant geckos
  An ooze (Slime:3)
  176 orcs
  11 spectral bats (Abyss:4)
  A bat skeleton (D:7)
  7 giant cockroaches
  30 hobgoblins
  25 jackals
  59 kobolds
  16 quokkas
  3 ball pythons
  A ball python skeleton (Crypt:3)
  21 bats
  10 bat simulacra (Abyss:4)
  A giant gecko skeleton (D:5)
  A giant gecko zombie (D:8)
  10 giant newts
  3 giant spores
  32 goblins
  A hobgoblin skeleton (D:6)
  3 illusory rakshasas
  A jackal zombie (Crypt:1)
  A kobold skeleton (Dis:3)
  A kobold zombie (Crypt:4)
  3 lurking horrors
  An orc simulacrum (Abyss:3)
  4 orc skeletons
  2 orc zombies
  A quokka skeleton (D:9)
  24 rats
  8 ballistomycetes
  A fungus (Lair:7)
  4 grand avatars (Pan)
  3 plants
  14 starspawn tentacles
  19 tentacles
5765 creatures vanquished.

Vanquished Creatures (collateral kills)
  Asmodeus (Geh:7)
  An orb of fire (Zot:3)
  A pandemonium lord (Pan)
  An ancient lich (Crypt:5)
  A greater mummy (Tomb:3)
  The ghost of Misa the Executioner, a great GrBe of Trog (Depths:4)
  A golden dragon (Vaults:5)
  Frederick (Depths:5)
  2 Brimstone Fiends (Pan)
  A Hell Sentinel (Dis:7)
  An Ice Fiend (Coc:7)
  2 Shadow Fiends (Tar:7)
  A titan (Vaults:5)
  A quicksilver dragon (Depths:4)
  A lich (Depths:1)
  Rupert (Lair:8)
  A tengu reaver (Depths:4)
  4 sphinxes
  4 fire giants
  A frost giant (Depths:1)
  Wiglaf (Spider:3)
  A vault warden (Vaults:5)
  Maud (Lair:8)
  An iron dragon (Dis:7)
  5 balrugs
  A warmonger (Pan)
  3 reapers
  A stone giant (Vaults:2)
  A corrupter (Pan)
  A lorocyproca (Pan)
  A dire elephant (Lair:8)
  A merfolk impaler (Shoals:5)
  A deep elf death mage (Vaults:5)
  An ettin (Depths:4)
  A vault guard (Vaults:5)
  A salamander firebrand (Geh:7)
  A kraken zombie (Coc:6)
  An ironheart preserver (Vaults:5)
  A blizzard demon (Pan)
  A deep elf high priest (Depths:4)
  2 merfolk aquamancers
  A yaktaur captain (Depths:4)
  2 monstrous demonspawn (Pan)
  5 hydras
  A spriggan berserker (Depths:4)
  4 death yaks
  A centaur warrior (D:16)
  3 hell hogs (Geh:7)
  4 sun demons
  2 wretched stars
  2 ice devils (Pan)
  A large abomination (Pan)
  A deep elf knight (D:15)
  4 skeletal warriors (Tar:7)
  2 shadow demons (Tar:7)
  A deep troll (Depths:2)
  3 gelid demonspawn (Pan)
  An ironbrand convoker (Vaults:5)
  2 putrid demonspawn (Pan)
  2 torturous demonspawn (Pan)
  3 orc knights
  3 infernal demonspawn (Pan)
  An anaconda skeleton (Geh:7)
  A golden dragon skeleton (Crypt:2)
  A mana viper (shapeshifter) (Vaults:5)
  2 necromancers
  A wolf spider (Spider:5)
  A wizard (Depths:2)
  2 hellions (Geh:7)
  A shining eye (Slime:3)
  A phantasmal warrior (Tar:7)
  A griffon (Shoals:2)
  A guardian serpent (Pan)
  3 sixfirhies (Pan)
  An air elemental (Crypt:2)
  2 octopodes (Shoals:1)
  An orange demon (Tar:7)
  4 tormentors
  An efreet (Geh:7)
  A smoke demon (Geh:7)
  A spiny frog (shapeshifter) (Depths:1)
  3 raiju (Abyss:3)
  A yaktaur (Vaults:2)
  3 freezing wraiths
  An ancient zyme (Abyss:3)
  3 guardian mummies
  4 merfolk
  A catoblepas zombie (Tar:7)
  A spriggan (Depths:3)
  3 hellwings (Pan)
  A harpy zombie (Shoals:1)
  2 polar bears (IceCv)
  A fire vortex (Geh:7)
  3 slime creatures
  A stone giant simulacrum (Abyss:4)
  A hydra skeleton (Tar:7)
  4 blink frogs (Lair:8)
  4 flying skulls
  2 shadows (Zig:2)
  An ugly thing (Depths:3)
  A ynoxinul (Pan)
  7 water elementals
  4 yaks
  3 redbacks (Spider:5)
  2 sharks
  A black mamba skeleton (Geh:7)
  A deep elf mage (Depths:4)
  A griffon skeleton (D:15)
  2 wraiths
  A hippogriff (Shoals:1)
  A hell beast (Pan)
  A vampire (Crypt:2)
  A spriggan skeleton (Crypt:2)
  A spiny frog zombie (Tar:7)
  A hell hound (Dis:7)
  An orc warrior (D:16)
  A griffon simulacrum (D:15)
  A manticore zombie (Crypt:2)
  2 small abominations
  A big kobold (D:11)
  2 centaurs (D:16)
  A lost soul (Crypt:5)
  An elf zombie (Geh:7)
  3 starcursed masses
  An orc wizard (D:16)
  4 mummies
  An adder (Lair:8)
  4 green rats (Lair:8)
  3 ufetubi (Pan)
  A sheep skeleton (Crypt:2)
  A giant eyeball (Depths:2)
  An orc (D:16)
  A kobold (D:16)
229 creatures vanquished.

Vanquished Creatures (others)
  A pandemonium lord (Pan)
  A sphinx (Vaults:5)
  An eldritch tentacle (Coc:4)
  6 daevas
  A fire giant (Depths:4)
  7 angels
  A draconian annihilator (Zot:4)
  A stone giant (IceCv)
  A lorocyproca (Pan)
  13 vault guards (Vaults:5)
  A sun demon (Pan)
  4 deep trolls
  A wizard (Pan)
  16 air elementals
  A hell beast (Dis:7)
  A fire giant zombie (Tomb:2)
  A smoke demon (Abyss:3)
  8 drowned souls
  16 water elementals
  29 fire elementals
  2 orange demons (Pan)
  A raiju (Abyss:3)
  An ancient zyme (Abyss:3)
  2 merfolk (Shoals:4)
  A jumping spider (Spider:2)
  2 trolls
  3 fire vortices
  A hellwing (Abyss:3)
  2 two-headed ogres
  A ynoxinul (Abyss:4)
  2 neqoxecs (Abyss:4)
  A spatial vortex (Abyss:3)
  2 human zombies (Geh:7)
  A hell hound (Dis:7)
  A spiny frog skeleton (Geh:6)
  An ice beast (D:9)
  A small abomination (Abyss:3)
  4 ogres
  7 lost souls
  2 killer bees (D:9)
  An electric eel (Spider:4)
  5 mummies (Tomb:2)
  2 jackals (D:5)
  23 bushes
  85 eldritch tentacle segments
  4 fungi (Lair:8)
  20 plants
  33 starspawn tentacles
  157 starspawn tentacle segments
  48 tentacles
  572 tentacle segments
1099 creatures vanquished.

Grand Total: 7093 creatures vanquished
